 Dungeon Crawl Stone Soup version 0.21-a0-405-gf2af9a1 (webtiles) character file.

537478 mhoghedin the Peltast (level 25, -4/258 HPs)
             Began as a Gnoll Transmuter on Sept 28, 2017.
             Was the Champion of Cheibriados.
             Killed from afar by a golden dragon (60 damage)
             ... with a bolt of cold
             ... on level 2 of the Realm of Zot on Nov 1, 2017.
             The game lasted 03:11:58 (47536 turns).

mhoghedin the Peltast (Gnoll Transmuter)           Turns: 47536, Time: 03:11:59

Health: -4/258     AC: 34    Str: 28    XL:     25   Next: 86%
Magic:  25/39      EV: 34    Int: 37    God:    Cheibriados [******]
Gold:   7452       SH: 22    Dex: 40    Spells: 6/57 levels left

rFire    + + .     SeeInvis +     - Unarmed
rCold    x . .     Gourm    .   S - +3 shield
rNeg     + + .     Faith    .   (armour currently unavailable)
rPois    ∞         Spirit   .   (no helmet)
rElec    +         Reflect  .   z - +2 cloak of the Thief {+Fog Slay-2 SInv Stlth+}
rCorr    .         Harm     .   (gloves currently unavailable)
MR       ++++.     Clarity  +   (boots currently unavailable) Stlth ++++++++..NoTele +
                                v - amulet of the Four Winds {rN+ MR+++ Clar}
HPRegen  0.53/turn              m - ring of protection from cold {rC+, !d}
MPRegen  0.26/turn              P - ring of Xom's Wantonness {-Tele Dex+4 Slay+5 SInv}

@: immune to fire clouds, statue-form, silence, corroded, studying 3 skills,
deflect missiles, very slow
A: distributed training, fangs 1, low mp 1, poison resistance, wild magic 2,
strong nose
}: 3/15 runes: decaying, silver, gossamer
a: End Transformation, Renounce Religion, Evoke Fog


You were on level 2 of the Realm of Zot.
You worshipped Cheibriados.
Cheibriados was exalted by your worship.
You were not hungry.
You were a stone statue.
You visited 10 branches of the dungeon, and saw 46 of its levels.
You also visited: Ice Cave and Wizlab.

You collected 7777 gold pieces.
You spent 325 gold pieces at shops.

Inventory:

Missiles
 y - 929 arrows
 G - a throwing net {=f, !d}
Armour
 k - the +1 ring mail of Precision Catastrophes {Int+7}
   (You found it on level 5 of the Vaults)

   It affects your intelligence (+7).
 l - a +2 pair of boots (melded)
   (You found it on level 4 of the Dungeon)
 z - the +2 cloak of the Thief (worn) {+Fog Slay-2 SInv Stlth+}
   (You found it on level 3 of the Elven Halls)

   It affects your accuracy and damage with ranged weapons and melee attacks
   (-2).
   It lets you see invisible.
   It makes you more stealthy.
 I - the +0 pair of gloves "Toeguhik" (melded) {rF+ Str+3}
   (You found it on level 1 of the Vaults)

   It affects your strength (+3).
   It protects you from fire.
 Q - the +3 faerie dragon scales (melded) {rF++ rN+ rCorr Dex-3}
   (You took it off the Enchantress on level 5 of the Depths)

   It affects your dexterity (-3).
   It greatly protects you from fire.
   It protects you from negative energy.
   It protects you from acid and corrosion.
 S - a +3 shield (worn)
   (You took it off a vault guard on level 1 of the Vaults)
Magical Staves
 u - an uncursed staff of poison {rPois}
   (You found it on level 1 of the Realm of Zot)
Jewellery
 e - an uncursed ring of flight {+Fly, !d}
   (You found it on level 5 of the Dungeon)
 m - a ring of protection from cold (left hand) {rC+, !d}
   (You found it on level 2 of the Elven Halls)
 t - an uncursed ring of magical power {MP+9}
   (You found it on level 1 of the Realm of Zot)
 v - the amulet of the Four Winds (around neck) {rN+ MR+++ Clar}
   (You found it on level 5 of the Vaults)

   [amulet of nothing]

   It protects you from negative energy.
   It affects your resistance to hostile enchantments.
   It protects you against confusion.
 P - the ring of Xom's Wantonness (right hand) {-Tele Dex+4 Slay+5 SInv}
   (You took it off an orc on level 9 of the Dungeon)

   [ring of see invisible]

   It affects your dexterity (+4).
   It affects your accuracy and damage with ranged weapons and melee attacks
   (+5).
   It lets you see invisible.
   It prevents most forms of teleportation.
Scrolls
 b - 6 scrolls of magic mapping {!r}
 o - 7 scrolls of fear
 s - 4 scrolls of amnesia
 w - a scroll of enchant weapon
 A - 12 scrolls of teleportation
 E - 9 scrolls of blinking {!r}
 H - 5 scrolls of recharging
 J - 9 scrolls of fog
 L - 3 scrolls of identify
 N - 2 scrolls of vulnerability {!r!r}
 Y - a scroll of summoning
 Z - 5 scrolls of remove curse
Potions
 c - 6 potions of cancellation
 f - 4 potions of flight
 g - 11 potions of heal wounds
 i - 2 potions of invisibility
 p - 6 potions of brilliance
 q - a potion of might
 r - 5 potions of lignification {!q}
 D - 2 potions of agility
 T - a potion of ambrosia
 V - 9 potions of curing
Books
 n - a manual of Charms {!d}
   (You found it on level 3 of the Vaults)
 F - a manual of Shields {!d}
   (You found it on level 1 of the Vaults)
 O - a manual of Earth Magic {!d}
   (You found it on level 3 of the Elven Halls)
Miscellaneous
 a - 5 sacks of spiders
 j - a fan of gales
   (You found it on level 4 of the Swamp)
 x - a phantom mirror
 C - a crystal ball of energy
   (You found it on level 3 of the Swamp)
 K - 5 boxes of beasts
 R - a lightning rod (4/4)
   (You found it on level 5 of the Vaults)
 W - a phial of floods
   (You found it on level 3 of the Elven Halls)
Comestibles
 d - 24 bread rations {@e1}
 h - 52 fruits
 B - 13 meat rations {@e2}


   Skills:
 + Level 16.6 Fighting
 + Level 16.2 Short Blades
 + Level 15.9 Long Blades
 + Level 16.4 Axes
 + Level 16.2 Maces & Flails
 + Level 15.8 Polearms
 + Level 16.2 Staves
 + Level 15.9 Slings
 + Level 15.6 Bows
 + Level 16.4 Crossbows
 + Level 15.8 Throwing
 + Level 16.1 Armour
 + Level 16.6 Dodging
 + Level 16.0 Stealth
 + Level 19.3 Shields
 + Level 17.4 Unarmed Combat
 + Level 16.6 Spellcasting
 + Level 14.0 Conjurations
 + Level 14.2 Hexes
 + Level 16.3 Charms
 + Level 14.0 Summonings
 + Level 13.7 Necromancy
 + Level 13.9 Translocations
 + Level 14.5 Transmutations
 + Level 13.8 Fire Magic
 + Level 13.7 Ice Magic
 + Level 13.9 Air Magic
 + Level 15.1 Earth Magic
 + Level 13.9 Poison Magic
 + Level 17.9 Invocations
 + Level 16.4 Evocations


You had 6 spell levels left.
You knew the following spells:

 Your Spells              Type           Power        Failure   Level  Hunger
a - Silence               Hex/Air        ########..   1%          5    None
b - Ice Form              Ice/Tmut       ########     1%          4    None
c - Blink                 Tloc           N/A          1%          2    None
d - Deflect Missiles      Chrm/Air       ########..   1%          6    None
e - Statue Form           Tmut/Erth      ########.    2%          6    None
f - Freezing Cloud        Conj/Ice/Air   ########..   2%          6    None
g - Passage of Golubria   Tloc           N/A          1%          4    None
h - Ring of Flames        Chrm/Fire      ########..   6%          7    ###....
r - Regeneration          Chrm/Necr      ########..   1%          3    None
s - Sticks to Snakes      Tmut           ########     1%          2    None
x - Blade Hands           Tmut           ########..   1%          5    None
B - Summon Butterflies    Summ           ########     1%          1    None


Dungeon Overview and Level Annotations

Branches:
Dungeon (15/15)            Temple (1/1) D:5            Lair (6/6) D:11
  Swamp (4/4) Lair:2       Spider (4/4) Lair:3        Slime (0/5) Lair:5
    Orc (2/2) D:12            Elf (3/3) Orc:2        Vaults (5/5) D:13
  Crypt (0/3) Vaults:3     Depths (5/5) D:15            Zot (2/5) Depths:5

Altars:
Ashenzari
Cheibriados
Dithmenos
Elyvilon
Fedhas
Gozag
Hepliaklqana
Kikubaaqudgha
Makhleb
Nemelex Xobeh
Okawaru
Qazlal
Ru
Sif Muna
Trog
Uskayaw
Vehumet
Wu Jian
Xom
Yredelemnul
Zin
The Shining One
Beogh
Jiyva

Shops:
D:11 (   D:15 }   Orc:2 =(=(   Elf:2 }(   Vaults:4 (

Portals:
Hell: Depths:1 Depths:2 Depths:3 Depths:4
Abyss: Depths:4
Pandemonium: Depths:3
Trove: D:11 (give +2 gold dragon scales)

Annotations:
Depths:4 exclusion: orange crystal statue


Innate Abilities, Weirdness & Mutations

Your experience applies equally to all skills.
You have very sharp teeth.
Your uncanny sense of smell can sniff out nearby items.
Your magical capacity is low. (-10% MP)
Your system is resistant to poisons. (rPois)
Your spells are harder to cast, but more powerful.


Message History

The yellow draconian monk is engulfed in blazing flames.
The yellow draconian monk misses you.
You block the yellow draconian monk's attack.
The yellow draconian monk tail-slaps you but does no damage.
You now have 23/39 mp.
You pummel the yellow draconian!! Your bite misses the yellow draconian.
The yellow draconian is engulfed in blazing flames.
The yellow draconian throws acid at you.
You deflect the glob of acid!
The glob of acid hits the white draconian knight.
The white draconian knight appears unharmed.
The white draconian knight is splashed with acid.
The acid corrodes the white draconian knight!
The acid splashes onto the red draconian monk!
The red draconian monk is splashed with acid.
The acid splashes onto the yellow draconian monk!
The yellow draconian monk is splashed with acid.
The red draconian monk is engulfed in blazing flames.
You block the red draconian monk's attack. x2
The red draconian monk misses you.
The white draconian knight is engulfed in blazing flames.
The white draconian knight hits you but does no damage.
The green draconian completely misses you.
The golden dragon is engulfed in blazing flames.
The golden dragon bites you but does no damage.
The golden dragon claws you but does no damage.
You block the golden dragon's attack.
The yellow draconian monk is engulfed in blazing flames.
The yellow draconian monk closely misses you.
The yellow draconian monk misses you.
The yellow draconian monk closely misses you.
You barely miss the yellow draconian.
The yellow draconian is engulfed in blazing flames.
The yellow draconian hits you but does no damage.
The red draconian monk is engulfed in blazing flames.
You block the red draconian monk's attack. x2
The red draconian monk misses you.
The white draconian knight is engulfed in blazing flames.
The white draconian knight closely misses you.
The yellow draconian monk is engulfed in blazing flames.
The yellow draconian monk throws acid at you.
The glob of acid hits you! The acid corrodes you!
You are splashed with acid!
The acid burns!
The golden dragon is engulfed in blazing flames.
The golden dragon closely misses you. x2
The golden dragon tramples you but does no damage.
You take 15 damage, and have 162/258 hp.
You pummel the yellow draconian!! You block the green draconian's attack.
The red draconian monk is engulfed in blazing flames.
You block the red draconian monk's attack.
The red draconian monk completely misses you.
The red draconian monk tail-slaps you!
The yellow draconian is engulfed in blazing flames.
You kill the yellow draconian!
Cheibriados thoroughly appreciates the change of pace.
The white draconian knight is engulfed in blazing flames.
The white draconian knight completely misses you.
You take 7 damage, and have 155/258 hp.
You pummel the white draconian knight!!
You bite the white draconian knight, but do no damage.
The yellow draconian monk is engulfed in blazing flames.
The golden dragon is engulfed in blazing flames.
The golden dragon breathes cold at you. The bolt of cold hits you!
You feel a terrible chill!
* * * LOW HITPOINT WARNING * * *
The white draconian knight is engulfed in blazing flames.
The white draconian knight completely misses you.
The red draconian monk is engulfed in blazing flames.
You block the red draconian monk's attack. x2
The red draconian monk tail-slaps you but does no damage.
You block the green draconian's attack.
The yellow draconian monk is engulfed in blazing flames.
The yellow draconian monk completely misses you.
You block the yellow draconian monk's attack. x2
The golden dragon is engulfed in blazing flames.
The golden dragon barely misses you. The golden dragon misses you.
The golden dragon completely misses you.
You take 100 damage, and have 55/258 hp.
MASSIVE DAMAGE!!
You pummel the white draconian knight like a punching bag!!!
You kill the white draconian knight!
Cheibriados thoroughly appreciates the change of pace.
The red draconian monk is engulfed in blazing flames.
You block the red draconian monk's attack. x3
The red draconian stormcaller is engulfed in blazing flames.
You block the red draconian stormcaller's attack.
The green draconian completely misses you.
The yellow draconian monk is engulfed in blazing flames.
The yellow draconian monk completely misses you.
The yellow draconian monk kicks you but does no damage.
The yellow draconian monk tail-slaps you.
* * * LOW HITPOINT WARNING * * *
The golden dragon is engulfed in blazing flames.
The red draconian monk is engulfed in blazing flames.
The red draconian stormcaller is engulfed in blazing flames.
The golden dragon breathes cold at you. The bolt of cold hits you!
You feel a terrible chill!
You die... .. ######+######.. #.............. #.............. ............. .dddkd... l#qqdd#

#qD§.#
+§8§.+
∆
#....#
#....#
#....#
#....#
#....#
...#..
...#...


You could see 2 draconians, a golden dragon, a yellow draconian, 3 draconians, a
purple draconian, a white draconian, a red draconian stormcaller and a swamp
drake.

Vanquished Creatures
  Mennas (Vaults:2)
  3 ancient liches
  A juggernaut (Depths:4)
  Boris (twice) (Vaults:2 Vaults:5)
  the Lernaean hydra (Swamp:4)
  A caustic shrike (Depths:2)
  3 golden dragons
  A bone dragon (Depths:5)
  Jory (Vaults:2)
  Nikola (Swamp:3)
  the Enchantress (Depths:5)
  Jorgrun (Swamp:2)
  3 liches (Vaults:5)
  11 tentacled monstrosities
  3 titans (Vaults:5)
  2 quicksilver dragons
  A quicksilver dragon (shapeshifter) (Depths:2)
  3 deep elf blademasters
  2 deep elf master archers (Elf:3)
  3 ancient champions (WizLab)
  5 sphinxes
  2 thorn hunters
  A death cob (Zot:1)
  5 tengu reavers
  Agnes (D:15)
  6 storm dragons
  6 shadow dragons
  Roxanne (D:14)
  A daeva (Depths:3)
  5 fire giants
  6 frost giants
  3 ghost moths (Spider:4)
  5 deep elf sorcerers
  3 orc warlords
  A draconian knight (Zot:2)
  An iron dragon (Vaults:5)
  6 emperor scorpions (Spider:4)
  Louise (Depths:4)
  11 vault wardens
  2 draconian shifters
  5 deep elf elementalists (Elf:3)
  A ghoul (Depths:4)
  6 spriggan defenders
  8 ironheart preservers
  2 draconian annihilators
  2 war gargoyles
  15 stone giants
  19 very ugly things
  3 vampire knights
  3 deep elf demonologists (Elf:3)
  6 deep elf annihilators
  3 green draconians
  A black draconian (Zot:1)
  2 purple draconians
  A dire elephant (Lair:5)
  2 white draconians
  6 red draconians
  5 yellow draconians
  4 spark wasps (Depths:2)
  7 deep elf death magi
  13 ettins
  3 minotaurs (Depths:4)
  10 fire dragons
  Josephine (Orc:1)
  17 yaktaur captains
  11 ogre magi
  6 great orbs of eyes
  4 deep elf high priests
  20 hydras
  34 vault guards
  6 ice dragons
  A naga warrior (Depths:4)
  9 rakshasas
  5 spriggan air magi
  36 two-headed ogres
  2 catoblepae
  2 death knights
  21 dancing weapons
  An anaconda (shapeshifter) (Vaults:5)
  7 centaur warriors
  A two-headed ogre (shapeshifter) (Depths:5)
  3 small abominations (Elf:3)
  6 death yaks
  6 alligators
  4 deep troll earth magi
  4 tengu warriors
  A hell hog (Depths:1)
  A vampire mage (Vaults:1)
  4 deep troll shamans
  9 spriggan berserkers
  A titan zombie (Depths:3)
  6 hell knights (Depths:1)
  A large abomination (Elf:3)
  An orc high priest (Elf:2)
  2 shadow wraiths
  37 deep elf knights
  2 salamander mystics (Depths:4)
  3 iron trolls
  12 skeletal warriors
  35 deep trolls
  A death drake (shapeshifter) (Elf:2)
  3 glowing orange brains
  3 unseen horrors
  5 wizards
  A spriggan druid (Swamp:4)
  20 orc knights
  13 swamp dragons
  A storm dragon skeleton (Depths:3)
  A shambling mangrove (Swamp:4)
  22 ironbrand convokers
  5 phantasmal warriors
  Pikel (D:7)
  4 flayed ghosts
  8 harpies
  24 wolf spiders
  An orb spider (Spider:3)
  2 lindwurms (Lair:6)
  10 deep elf archers
  50 ugly things
  53 deep elf magi
  5 necromancers
  3 manticores
  A salamander (Depths:1)
  3 orc sorcerers
  A manticore (shapeshifter) (Vaults:5)
  6 cyclopes
  A sphinx zombie (Depths:3)
  A fire giant skeleton (Depths:3)
  A guardian serpent (Vaults:2)
  6 moths of wrath
  23 elephants
  3 naga magi (Depths:4)
  2 ice statues (IceCv)
  15 vault sentinels
  The ghost of mhoghedin the Skirmisher, a novice GnWn (D:4)
  An elephant (shapeshifter) (Vaults:1)
  4 black mambas
  A torpor snail (Spider:1)
  3 gargoyles
  A spectral swamp worm (Depths:5)
  A rust devil (Depths:2)
  2 centaur skeletons
  3 spriggan skeletons (Depths:3)
  10 spiny frogs
  An eye of devastation (shapeshifter) (Vaults:2)
  7 komodo dragons
  2 efreet
  A kobold demonologist (D:9)
  30 yaktaurs
  4 demonic crawlers
  4 rime drakes
  7 freezing wraiths
  A tengu conjurer (D:15)
  A spark wasp simulacrum (Depths:3)
  16 trolls
  11 hornets
  A wind drake (shapeshifter) (Depths:3)
  A polar bear (Lair:5)
  A meliai (D:13)
  18 jumping spiders
  4 tyrant leeches
  A jumping spider (shapeshifter) (Vaults:1)
  3 queen bees (shapeshifter)
  12 blink frogs
  48 slime creatures
  4 dream sheep (Lair:4)
  3 bog bodies
  2 dream sheep (shapeshifter)
  9 hippogriffs
  A hippogriff (shapeshifter) (Vaults:2)
  A meliai zombie (D:14)
  8 air elementals
  4 vampires
  A redback (shapeshifter) (Vaults:5)
  6 spriggans
  22 yaks
  4 shadows
  A spriggan simulacrum (Depths:3)
  2 tarantellas (shapeshifter)
  48 redbacks
  4 water elementals
  14 tarantellas
  8 fire bats
  3 wyverns
  A hog (shapeshifter) (Depths:2)
  4 wraiths
  3 hungry ghosts
  3 spriggans (shapeshifter)
  2 fire elementals
  A golden eye (shapeshifter) (Vaults:3)
  2 steam dragons
  13 vampire mosquitoes
  3 wargs (Orc:2)
  3 soldier ants
  21 swamp worms
  22 insubstantial wisps
  An acid dragon (shapeshifter) (Vaults:5)
  4 two-headed ogre zombies (WizLab)
  3 acid dragons
  8 hell hounds
  Duvessa (D:4)
  15 water moccasins
  4 porcupines
  20 ice beasts
  6 sky beasts
  6 black bears
  9 swamp drakes
  35 orc warriors
  4 slaves (D:7)
  A necrophage (D:7)
  A phantom (D:5)
  8 boggarts
  44 ogres
  7 wolves
  2 hornet zombies
  A tengu (shapeshifter) (Vaults:1)
  11 centaurs
  10 crocodiles
  A crocodile (shapeshifter) (Depths:2)
  4 big kobolds
  12 bullfrogs
  A gnoll sergeant (D:6)
  Dowan (D:4)
  2 earth elementals
  A wyvern zombie (D:8)
  7 troll zombies (WizLab)
  5 scorpions
  A water moccasin skeleton (D:9)
  18 wights
  8 electric eels
  5 crimson imps
  5 centaur zombies
  24 orc priests
  2 lava snakes (D:12)
  6 hounds
  6 jellies
  3 bullfrog skeletons
  A gnoll shaman (D:5)
  30 orc wizards
  Jessica (D:2)
  2 iguanas (D:11)
  15 worker ants
  2 ogre zombies (WizLab)
  Robin (D:3)
  4 worker ant zombies
  12 gnolls
  13 adders
  6 shadow imps
  12 white imps (Lair:2)
  2 oozes
  An ooze (shapeshifter) (Vaults:5)
  2 adder zombies
  An adder skeleton (D:6)
  10 worms
  5 dart slugs
  A leopard gecko (D:3)
  86 orcs
  8 bats
  9 giant cockroaches
  10 goblins
  5 hobgoblins
  9 jackals
  26 kobolds
  6 quokkas
  A ball python (D:3)
  8 frilled lizards
  A jackal zombie (D:6)
  2 leopard gecko skeletons
  A quokka skeleton (D:3)
  11 rats
  3 briar patches (Swamp:4)
  3 fire vortices (D:12)
  3 plants (Depths:4)
1915 creatures vanquished.

Vanquished Creatures (collateral kills)
  Mara (Depths:4)
  A tentacled monstrosity (Swamp:4)
  A deep elf annihilator (Elf:3)
  A hydra (Swamp:2)
  A naga warrior (Depths:4)
  A deep troll shaman (Lair:6)
  An orc high priest (Depths:4)
  A hell knight (Depths:4)
  A deep elf archer (Vaults:1)
  2 spriggan druids
  A necromancer (Depths:4)
  7 orb spiders
  3 wolf spiders
  An ugly thing (D:12)
  4 jumping spiders
  A hornet (Spider:1)
  A slime creature (Swamp:4)
  A tarantella (Spider:3)
  2 redbacks (Spider:4)
  A hungry ghost (D:4)
  An insubstantial wisp (Swamp:2)
  4 swamp worms
  2 swamp drakes (Swamp:2)
  An ogre (D:12)
  2 centaurs
  An orc priest (D:9)
  An orc wizard (D:9)
  Ijyb (D:4)
  A worm (Lair:5)
  3 orcs (D:9)
  3 plants
53 creatures vanquished.

Vanquished Creatures (others)
  2 vault wardens
  A rakshasa (Depths:3)
  An ice dragon (D:15)
  A dancing weapon (Elf:2)
  A hell hog (Depths:1)
  A deep elf mage (Elf:2)
  A spectral swamp worm (Depths:5)
  A yaktaur (Vaults:5)
  A jumping spider (Spider:4)
  A hornet (Swamp:4)
  A spriggan (Swamp:4)
  A swamp worm (Swamp:2)
  An orc wizard (Vaults:3)
  3 briar patches
  25 plants
42 creatures vanquished.

Grand Total: 2010 creatures vanquished

Notes
Turn   | Place    | Note
-------+----------+-------------------------------------------
     0 | D:1      | mhoghedin the Gnoll Transmuter began the quest for the Orb.
     0 | D:1      | Reached XP level 1. HP: 17/17 MP: 6/6
    32 | D:1      | Reached skill level 1 in Translocations
    32 | D:1      | Reached XP level 2. HP: 23/23 MP: 7/7
   151 | D:1      | Reached skill level 1 in Summonings
   177 | D:1      | Reached skill level 1 in Staves
   214 | D:1      | Reached skill level 1 in Maces & Flails
   267 | D:1      | Reached XP level 3. HP: 21/28 MP: 9/9
   296 | D:1      | Reached skill level 1 in Earth Magic
   370 | D:1      | Reached skill level 1 in Charms
   511 | D:1      | Reached skill level 1 in Armour
   592 | D:2      | Reached skill level 1 in Invocations
   743 | D:2      | Learned a level 2 spell: Sticks to Snakes
   747 | D:2      | Learned a level 3 spell: Spider Form
   747 | D:2      | Noticed Jessica
   754 | D:2      | Killed Jessica
   754 | D:2      | Reached skill level 1 in Crossbows
   754 | D:2      | Reached skill level 1 in Conjurations
   754 | D:2      | Reached skill level 1 in Poison Magic
   754 | D:2      | Reached skill level 1 in Evocations
   754 | D:2      | Reached XP level 4. HP: 28/34 MP: 6/10
   789 | D:2      | Reached skill level 2 in Armour
  1074 | D:2      | Reached skill level 1 in Hexes
  1074 | D:2      | Reached skill level 1 in Ice Magic
  1142 | D:2      | Reached skill level 2 in Summonings
  1546 | D:3      | Reached skill level 2 in Crossbows
  1547 | D:3      | Reached skill level 2 in Maces & Flails
  1671 | D:3      | Learned a level 4 spell: Ice Form
  1706 | D:3      | Reached skill level 1 in Bows
  1740 | D:3      | Reached skill level 1 in Necromancy
  1740 | D:3      | Reached XP level 5. HP: 29/40 MP: 12/12
  1783 | D:3      | Reached skill level 1 in Shields
  1849 | D:3      | Reached skill level 1 in Polearms
  1851 | D:3      | Noticed Robin
  1853 | D:3      | Reached skill level 2 in Charms
  1876 | D:3      | Killed Robin
  1992 | D:3      | Reached skill level 3 in Fighting
  1992 | D:3      | Reached skill level 1 in Short Blades
  1992 | D:3      | Reached skill level 2 in Hexes
  1992 | D:3      | Reached skill level 1 in Fire Magic
  2046 | D:3      | Reached skill level 2 in Translocations
  2101 | D:3      | Reached skill level 2 in Shields
  2407 | D:3      | Found a faded altar of an unknown god.
  2473 | D:3      | Noticed a hungry ghost
  2507 | D:3      | Killed a hungry ghost
  2507 | D:3      | Reached skill level 2 in Short Blades
  2507 | D:3      | Reached skill level 1 in Axes
  2507 | D:3      | Reached skill level 1 in Stealth
  2507 | D:3      | Reached skill level 7 in Unarmed Combat
  2507 | D:3      | Reached skill level 5 in Spellcasting
  2507 | D:3      | Reached skill level 5 in Transmutations
  2507 | D:3      | Reached skill level 2 in Evocations
  2507 | D:3      | Reached XP level 6. HP: 47/48 MP: 2/13
  2919 | D:4      | Noticed Duvessa
  2921 | D:4      | Noticed Dowan
  2930 | D:4      | Killed Duvessa
  2930 | D:4      | Reached skill level 2 in Polearms
  2930 | D:4      | Reached skill level 5 in Dodging
  2930 | D:4      | Reached skill level 2 in Fire Magic
  2930 | D:4      | Reached skill level 2 in Ice Magic
  2930 | D:4      | Reached skill level 2 in Earth Magic
  2930 | D:4      | Reached skill level 2 in Invocations
  2939 | D:4      | Killed Dowan
  2939 | D:4      | Reached skill level 2 in Axes
  2939 | D:4      | Reached skill level 1 in Slings
  2939 | D:4      | Reached skill level 1 in Throwing
  2939 | D:4      | Reached skill level 2 in Necromancy
  2939 | D:4      | Reached XP level 7. HP: 43/53 MP: 10/14
  2946 | D:4      | Learned a level 5 spell: Blade Hands
  3049 | D:4      | Noticed Ijyb
  3074 | D:4      | Killed Ijyb
  3074 | D:4      | Reached skill level 3 in Crossbows
  3192 | D:4      | Noticed a hungry ghost
  3200 | D:4      | Killed a hungry ghost
  3200 | D:4      | Reached skill level 1 in Long Blades
  3200 | D:4      | Reached skill level 3 in Maces & Flails
  3200 | D:4      | Reached skill level 2 in Bows
  3200 | D:4      | Reached skill level 3 in Shields
  3200 | D:4      | Reached skill level 2 in Poison Magic
  3221 | D:4      | Reached skill level 3 in Evocations
  3640 | D:4      | Reached skill level 3 in Summonings
  3642 | D:4      | Reached skill level 2 in Staves
  3642 | D:4      | Reached skill level 2 in Throwing
  3642 | D:4      | Reached skill level 3 in Armour
  3642 | D:4      | Reached skill level 1 in Air Magic
  3642 | D:4      | Reached skill level 3 in Earth Magic
  3865 | D:4      | Noticed mhoghedin's ghost (novice GnWn)
  3883 | D:4      | Killed mhoghedin's ghost
  3883 | D:4      | Reached skill level 4 in Fighting
  3883 | D:4      | Reached skill level 3 in Short Blades
  3883 | D:4      | Reached skill level 2 in Slings
  3883 | D:4      | Reached skill level 3 in Bows
  3883 | D:4      | Reached skill level 2 in Conjurations
  3883 | D:4      | Reached skill level 3 in Hexes
  3883 | D:4      | Reached skill level 3 in Charms
  3883 | D:4      | Reached skill level 3 in Ice Magic
  3883 | D:4      | Reached skill level 3 in Invocations
  3883 | D:4      | Reached XP level 8. HP: 60/60 MP: 5/15
  4083 | D:4      | Found a shadowy altar of Dithmenos.
  4359 | D:5      | Entered Level 5 of the Dungeon
  4360 | D:5      | Found a bloodstained altar of Trog.
  4367 | D:5      | Found a hazy altar of Hepliaklqana.
  4367 | D:5      | Found a shimmering altar of Xom.
  4367 | D:5      | Found an ancient bone altar of Kikubaaqudgha.
  4369 | D:5      | Found a sacrificial altar of Ru.
  4370 | D:5      | Found an ornate altar of the Wu Jian Council.
  4377 | D:5      | Reached skill level 3 in Translocations
  4377 | D:5      | Reached skill level 3 in Fire Magic
  4377 | D:5      | Reached skill level 3 in Poison Magic
  4392 | D:5      | Reached skill level 3 in Staves
  4394 | D:5      | Reached skill level 3 in Axes
  4394 | D:5      | Reached skill level 2 in Stealth
  4697 | D:5      | Reached skill level 3 in Polearms
  4697 | D:5      | Reached skill level 3 in Throwing
  4697 | D:5      | Reached skill level 4 in Summonings
  4761 | D:5      | Found a staircase to the Ecumenical Temple.
  4776 | D:5      | Reached skill level 2 in Long Blades
  4776 | D:5      | Reached skill level 4 in Maces & Flails
  4844 | D:5      | Reached skill level 4 in Armour
  4847 | D:5      | HP: 7/61 [ogre/giant club (23)]
  4848 | D:5      | Reached skill level 3 in Conjurations
  4848 | D:5      | Reached skill level 2 in Air Magic
  5143 | D:5      | Reached skill level 4 in Shields
  5143 | D:5      | Reached skill level 3 in Necromancy
  5238 | D:5      | Reached skill level 3 in Slings
  5241 | D:5      | Reached XP level 9. HP: 36/67 MP: 13/17
  5243 | D:5      | Reached skill level 4 in Crossbows
  5252 | D:5      | Reached skill level 5 in Fighting
  5481 | D:5      | Reached skill level 4 in Hexes
  5481 | D:5      | Reached skill level 4 in Earth Magic
  5481 | D:5      | Reached skill level 4 in Evocations
  5525 | D:5      | Reached skill level 6 in Spellcasting
  5643 | D:5      | Reached skill level 4 in Ice Magic
  5761 | D:5      | Found a hide-covered altar of Uskayaw.
  5768 | D:5      | Reached skill level 4 in Fire Magic
  5885 | Temple   | Entered the Ecumenical Temple
  6088 | Temple   | Became a worshipper of Cheibriados the Contemplative
  6112 | D:6      | Found a snail-covered altar of Cheibriados.
  6289 | D:6      | Reached skill level 4 in Short Blades
  6291 | D:6      | Reached skill level 5 in Summonings
  6297 | D:6      | Reached skill level 6 in Transmutations
  6299 | D:6      | HP: 15/68 [gnoll sergeant/spear (4)]
  6303 | D:6      | HP: 5/68 [worker ant (4)]
  6317 | D:6      | HP: 9/68 [gnoll sergeant/spear (11)]
  6319 | D:6      | Reached skill level 4 in Slings
  6319 | D:6      | Reached skill level 4 in Invocations
  6671 | D:6      | Reached skill level 4 in Axes
  6671 | D:6      | Reached skill level 4 in Charms
  6671 | D:6      | Reached skill level 3 in Air Magic
  6737 | D:6      | Found an opulent altar of Gozag.
  6913 | D:6      | Reached skill level 8 in Unarmed Combat
  7095 | D:6      | Reached * piety under Cheibriados
  7095 | D:6      | Reached skill level 3 in Long Blades
  7200 | D:7      | Reached skill level 6 in Dodging
  7282 | D:7      | HP: 15/68 [hippogriff (9)]
  7801 | D:7      | Noticed Pikel
  7804 | D:7      | HP: 17/68 [Pikel/whip of flaming (4)]
  7807 | D:7      | Killed Pikel
  7807 | D:7      | Reached skill level 4 in Long Blades
  7807 | D:7      | Reached skill level 4 in Staves
  7807 | D:7      | Reached skill level 4 in Bows
  7807 | D:7      | Reached skill level 4 in Throwing
  7807 | D:7      | Reached skill level 5 in Armour
  7807 | D:7      | Reached skill level 3 in Stealth
  7807 | D:7      | Reached skill level 5 in Ice Magic
  8139 | D:7      | Reached skill level 4 in Translocations
  8156 | D:7      | Reached skill level 5 in Evocations
  8165 | D:7      | Got a twitching wooden ring
  8174 | D:7      | Reached skill level 4 in Polearms
  8281 | D:7      | Reached skill level 5 in Crossbows
  8281 | D:7      | Reached skill level 5 in Shields
  8281 | D:7      | Reached skill level 4 in Conjurations
  8281 | D:7      | Reached XP level 10. HP: 74/76 MP: 10/20
  8282 | D:7      | Reached skill level 6 in Fighting
  8282 | D:7      | Reached skill level 5 in Maces & Flails
  8282 | D:7      | Reached skill level 5 in Earth Magic
  8286 | D:7      | Identified the ring of Ulouhaas {-Tele Str+9 Dex+4 Stlth+} (You found it on level 7 of the Dungeon)
  8300 | D:7      | Reached skill level 5 in Charms
  8345 | D:7      | Reached skill level 5 in Short Blades
  8345 | D:7      | Reached skill level 5 in Invocations
  8671 | D:7      | Reached ** piety under Cheibriados
  8676 | D:7      | Reached skill level 4 in Necromancy
  8824 | D:8      | Reached skill level 5 in Hexes
  9004 | D:8      | Reached skill level 4 in Air Magic
  9012 | D:8      | Reached skill level 7 in Transmutations
  9017 | D:8      | Reached skill level 7 in Spellcasting
  9133 | D:8      | Reached skill level 4 in Poison Magic
  9135 | D:8      | Reached skill level 5 in Fire Magic
  9168 | D:8      | Found a blossoming altar of Fedhas.
  9328 | D:8      | Reached skill level 5 in Slings
  9411 | D:8      | Reached *** piety under Cheibriados
  9534 | D:8      | Noticed a two-headed ogre
  9542 | D:8      | Killed a two-headed ogre
  9542 | D:8      | Reached skill level 5 in Throwing
  9542 | D:8      | Reached skill level 6 in Shields
  9542 | D:8      | Reached skill level 6 in Summonings
  9549 | D:8      | Reached skill level 5 in Translocations
 10094 | D:9      | Reached skill level 5 in Polearms
 10094 | D:9      | Reached skill level 4 in Stealth
 10099 | D:9      | Reached **** piety under Cheibriados
 10106 | D:9      | Reached skill level 6 in Crossbows
 10108 | D:9      | Reached skill level 5 in Axes
 10159 | D:9      | Reached skill level 5 in Poison Magic
 10161 | D:9      | Reached skill level 5 in Long Blades
 10161 | D:9      | Reached skill level 6 in Earth Magic
 10161 | D:9      | Reached XP level 11. HP: 29/83 MP: 10/22
 10475 | D:9      | Reached skill level 5 in Conjurations
 10477 | D:9      | Reached skill level 6 in Hexes
 10484 | D:9      | Reached skill level 7 in Fighting
 10484 | D:9      | Reached skill level 6 in Short Blades
 10484 | D:9      | Reached skill level 5 in Bows
 10484 | D:9      | Reached skill level 9 in Unarmed Combat
 10579 | D:9      | Reached skill level 6 in Maces & Flails
 10579 | D:9      | Reached skill level 6 in Armour
 10608 | D:9      | Got a crude golden amulet
 10643 | D:9      | Got a twisted leather armour
 10654 | D:9      | Identified the +4 leather armour "Saech" {-Tele rF++ MR+ Int+2} (You found it on level 9 of the Dungeon)
 10682 | D:9      | Noticed a cyclops
 10697 | D:9      | Killed a cyclops
 10697 | D:9      | Reached skill level 5 in Staves
 10697 | D:9      | Reached skill level 6 in Charms
 10697 | D:9      | Reached skill level 5 in Air Magic
 10734 | D:9      | Got a coiled steel ring
 10773 | D:9      | Noticed an orc sorcerer
 10784 | D:9      | Killed an orc sorcerer
 10784 | D:9      | Reached skill level 6 in Invocations
 10786 | D:9      | Noticed a deep elf mage
 10789 | D:9      | Noticed a sun demon
 10789 | D:9      | Reached skill level 6 in Ice Magic
 10790 | D:9      | Reached skill level 5 in Stealth
 10792 | D:9      | Killed a deep elf mage
 11089 | D:9      | Reached skill level 6 in Evocations
 11117 | D:9      | You fall through a shaft for 3 floors!
 11157 | D:12     | Reached skill level 7 in Crossbows
 11157 | D:12     | Reached ***** piety under Cheibriados
 11157 | D:12     | Reached skill level 5 in Necromancy
 11221 | D:12     | Reached skill level 7 in Maces & Flails
 11300 | D:11     | Found a staircase to the Lair.
 11304 | Lair:1   | Entered Level 1 of the Lair of Beasts
 11315 | Lair:1   | Reached skill level 6 in Translocations
 11317 | Lair:1   | Reached skill level 7 in Hexes
 11321 | Lair:1   | Reached skill level 6 in Conjurations
 11424 | Lair:1   | HP: 17/100 [black mamba (15)]
 11425 | Lair:1   | Reached skill level 7 in Shields
 11745 | Lair:1   | Reached skill level 7 in Short Blades
 11745 | Lair:1   | Reached skill level 6 in Fire Magic
 11757 | Lair:1   | Found a labyrinth entrance.
 11836 | Lair:1   | Noticed a four-headed hydra
 11842 | Lair:1   | Killed a five-headed hydra
 11842 | Lair:1   | Reached skill level 6 in Staves
 11842 | Lair:1   | Reached skill level 6 in Air Magic
 11842 | Lair:1   | Reached skill level 7 in Earth Magic
 11936 | Lair:1   | Reached skill level 7 in Invocations
 12010 | Lair:1   | Reached skill level 8 in Spellcasting
 12010 | Lair:1   | Reached skill level 6 in Poison Magic
 12153 | Lair:1   | Identified the ring of Xom's Wantonness {-Tele Dex+4 Slay+5 SInv} (You took it off an orc on level 9 of the Dungeon)
 12271 | Lair:2   | Reached skill level 6 in Axes
 12274 | Lair:2   | Reached skill level 6 in Slings
 12274 | Lair:2   | Reached skill level 6 in Throwing
 12274 | Lair:2   | Reached skill level 6 in Stealth
 12280 | Lair:2   | Reached skill level 6 in Long Blades
 12315 | Lair:2   | Reached XP level 12. HP: 92/92 MP: 24/24
 12339 | Lair:2   | Reached skill level 8 in Fighting
 12339 | Lair:2   | Reached skill level 7 in Charms
 12339 | Lair:2   | Reached skill level 10 in Unarmed Combat
 12339 | Lair:2   | Reached skill level 8 in Transmutations
 12339 | Lair:2   | Reached skill level 7 in Dodging
 12387 | Lair:2   | Reached skill level 7 in Summonings
 12503 | Lair:2   | Found a staircase to the Swamp.
 12527 | Lair:2   | Reached skill level 7 in Poison Magic
 12553 | Lair:2   | Upgraded the game from 0.21-a0-297-ga3d34c2 to 0.21-a0-314-gb3271ec
 12602 | Lair:2   | Found a frozen archway.
 12625 | Lair:2   | Reached skill level 8 in Crossbows
 12630 | IceCv    | Entered an ice cave
 12640 | IceCv    | Reached skill level 7 in Staves
 12672 | IceCv    | Reached skill level 7 in Evocations
 12830 | IceCv    | Reached skill level 8 in Charms
 12882 | IceCv    | Reached skill level 8 in Short Blades
 12882 | IceCv    | Reached skill level 7 in Ice Magic
 12952 | IceCv    | Reached skill level 8 in Hexes
 12972 | IceCv    | Noticed an ice dragon
 12978 | IceCv    | Noticed an ice dragon
 13017 | IceCv    | HP: 21/94 [ice dragon (8)]
 13382 | IceCv    | HP: 23/112 [ice dragon (9)]
 13782 | Lair:2   | Noticed a seven-headed hydra
 13791 | Lair:2   | Killed a seven-headed hydra
 13793 | Lair:2   | Reached skill level 7 in Axes
 13793 | Lair:2   | Reached skill level 7 in Armour
 13793 | Lair:2   | Reached skill level 8 in Invocations
 13860 | Lair:2   | Noticed an eight-headed hydra
 13870 | Lair:2   | Killed an eight-headed hydra
 13870 | Lair:2   | Reached skill level 8 in Shields
 13870 | Lair:2   | Reached skill level 6 in Necromancy
 13870 | Lair:2   | Reached skill level 7 in Fire Magic
 14065 | Lair:2   | Found the +8 glaive of the Guard {elec, +Rage AC+5 SInv}
 14337 | Lair:3   | Reached skill level 7 in Slings
 14357 | Lair:3   | Reached skill level 7 in Long Blades
 14401 | Lair:3   | Gained mutation: Scrolls take you a little longer to read. [potion of mutation]
 14401 | Lair:3   | Gained mutation: You have large cloven feet. [potion of mutation]
 14402 | Lair:3   | Lost mutation: Scrolls take you a little longer to read. [potion of mutation]
 14402 | Lair:3   | Lost mutation: You have large cloven feet. [potion of mutation]
 14402 | Lair:3   | Gained mutation: Your system is resistant to poisons. (rPois) [potion of mutation]
 14402 | Lair:3   | Gained mutation: Your magical capacity is low. (-10% MP) [potion of mutation]
 14402 | Lair:3   | Gained mutation: Your spells are a little harder to cast, but a little more powerful. [potion of mutation]
 14402 | Lair:3   | Gained mutation: Your spells are harder to cast, but more powerful. [potion of mutation]
 14535 | Lair:3   | Reached skill level 6 in Bows
 14535 | Lair:3   | Reached skill level 7 in Air Magic
 14586 | Lair:3   | Found a hole to the Spider Nest.
 14594 | Lair:3   | Reached skill level 6 in Polearms
 14596 | Lair:3   | Reached skill level 7 in Translocations
 14596 | Lair:3   | Reached skill level 8 in Earth Magic
 14596 | Lair:3   | Reached skill level 8 in Poison Magic
 14597 | Lair:3   | Reached skill level 8 in Summonings
 14597 | Lair:3   | Reached XP level 13. HP: 71/100 MP: 18/23
 14619 | Lair:3   | Reached skill level 8 in Evocations
 14622 | Lair:3   | Reached skill level 9 in Fighting
 14678 | Lair:3   | Reached ****** piety under Cheibriados
 14678 | Lair:3   | Reached skill level 7 in Stealth
 14684 | Lair:3   | Reached skill level 8 in Maces & Flails
 14684 | Lair:3   | Reached skill level 8 in Dodging
 14740 | Lair:3   | Reached skill level 7 in Conjurations
 14964 | Lair:4   | Reached skill level 7 in Throwing
 15021 | Lair:4   | Reached skill level 8 in Axes
 15109 | Lair:4   | Reached skill level 8 in Armour
 15536 | Lair:5   | Reached skill level 9 in Transmutations
 15580 | Lair:5   | Reached skill level 9 in Dodging
 15618 | Lair:5   | Found a staircase to the Slime Pits.
 15618 | Lair:5   | Found a viscous altar of Jiyva.
 15683 | Lair:5   | Reached skill level 8 in Staves
 15683 | Lair:5   | Reached skill level 9 in Spellcasting
 15720 | Lair:5   | Reached skill level 7 in Necromancy
 15727 | Lair:5   | Reached skill level 8 in Conjurations
 15727 | Lair:5   | Reached skill level 8 in Fire Magic
 15727 | Lair:5   | Reached skill level 8 in Air Magic
 15729 | Lair:5   | Reached skill level 9 in Invocations
 15951 | Lair:5   | Reached skill level 9 in Crossbows
 16034 | Lair:5   | Learned a level 6 spell: Deflect Missiles
 16075 | Lair:5   | Reached skill level 9 in Charms
 16075 | Lair:5   | Reached skill level 8 in Translocations
 16350 | Lair:5   | Reached skill level 7 in Polearms
 16458 | Lair:5   | Reached skill level 9 in Evocations
 16505 | Lair:5   | Reached skill level 11 in Unarmed Combat
 16592 | Lair:5   | Noticed a dire elephant
 16614 | Lair:5   | Killed a dire elephant
 16614 | Lair:5   | Reached skill level 7 in Bows
 16614 | Lair:5   | Reached skill level 8 in Stealth
 16629 | Lair:5   | Reached XP level 14. HP: 98/108 MP: 17/24
 16772 | Lair:6   | Entered Level 6 of the Lair of Beasts
 16838 | Lair:6   | Reached skill level 9 in Hexes
 16842 | Lair:6   | Reached skill level 8 in Long Blades
 16933 | Lair:6   | Reached skill level 8 in Slings
 17176 | Lair:6   | Reached skill level 9 in Axes
 17197 | Lair:6   | Reached skill level 10 in Transmutations
 17201 | Lair:6   | Reached skill level 9 in Shields
 17468 | Lair:6   | Found the ring of Shadows {Umbra +Inv Stlth+}
 17494 | Lair:6   | Upgraded the game from 0.21-a0-314-gb3271ec to 0.21-a0-329-g12f17e1
 17746 | Lair:6   | Reached skill level 9 in Earth Magic
 18150 | D:11     | Reached skill level 8 in Necromancy
 18150 | D:11     | Reached skill level 8 in Ice Magic
 18228 | D:11     | Reached skill level 9 in Maces & Flails
 18228 | D:11     | Reached skill level 9 in Conjurations
 18588 | D:11     | Found Pyjaote's Weapon Shoppe.
 18845 | D:11     | Found a portal to a secret trove of treasure.
 19012 | D:12     | Found a staircase to the Orcish Mines.
 19084 | D:12     | Identified the Grimoire of Ashen Protection
 19120 | D:12     | Reached skill level 10 in Dodging
 19149 | D:12     | Reached skill level 10 in Invocations
 19215 | D:12     | Reached skill level 9 in Staves
 19215 | D:12     | Reached skill level 9 in Summonings
 19309 | D:12     | Found a roughly hewn altar of Beogh.
 19433 | D:12     | Reached skill level 10 in Fighting
 19535 | D:12     | Reached skill level 10 in Spellcasting
 19538 | D:12     | Reached skill level 9 in Short Blades
 19538 | D:12     | Reached skill level 9 in Translocations
 19538 | D:12     | Reached skill level 9 in Poison Magic
 19806 | D:13     | Reached skill level 8 in Polearms
 19806 | D:13     | Reached skill level 8 in Throwing
 19946 | D:13     | Reached skill level 9 in Armour
 19946 | D:13     | Reached skill level 9 in Air Magic
 19959 | D:13     | Found a gate to the Vaults.
 20301 | D:14     | Reached skill level 9 in Fire Magic
 20307 | D:14     | Noticed Roxanne
 20348 | D:14     | Killed Roxanne
 20349 | D:14     | Identified Roxanne's Tome of Moulding (You took it off Roxanne on level 14 of the Dungeon)
 20411 | D:14     | Noticed Agnes
 20419 | D:14     | HP: 10/110 [Agnes/vampiric lajatang (26)]
 20514 | D:14     | Reached XP level 15. HP: 79/115 MP: 21/26
 20637 | D:14     | Reached skill level 10 in Charms
 20646 | D:14     | Reached skill level 9 in Stealth
 20688 | D:14     | Reached skill level 8 in Bows
 20688 | D:14     | Reached skill level 10 in Hexes
 20688 | D:14     | Reached skill level 10 in Evocations
 20781 | D:14     | Learned a level 6 spell: Statue Form
 21033 | D:14     | Reached skill level 9 in Slings
 21109 | D:15     | Entered Level 15 of the Dungeon
 21122 | D:15     | Killed Agnes
 21122 | D:15     | Reached skill level 10 in Axes
 21122 | D:15     | Reached skill level 10 in Crossbows
 21122 | D:15     | Reached skill level 12 in Unarmed Combat
 21196 | D:15     | Reached skill level 9 in Long Blades
 21290 | D:15     | Found a staircase to the Depths.
 21380 | D:15     | Found Xoupoj's Quality Used Wands.
 21533 | D:15     | Upgraded the game from 0.21-a0-329-g12f17e1 to 0.21-a0-331-gfb491b4
 21883 | Swamp:1  | Entered Level 1 of the Swamp
 21891 | Swamp:1  | Got an ancient ring mail
 21902 | Swamp:1  | Identified the +5 ring mail of Konaihuo {rElec MP+9 Str-5 Int+3} (You found it on level 1 of the Swamp)
 21931 | Swamp:1  | Reached skill level 9 in Necromancy
 21931 | Swamp:1  | Reached skill level 9 in Ice Magic
 22227 | Swamp:2  | Noticed Jorgrun
 22232 | Swamp:2  | Killed Jorgrun
 22232 | Swamp:2  | Reached skill level 10 in Shields
 22310 | Swamp:2  | Reached skill level 10 in Earth Magic
 22319 | Swamp:2  | Reached skill level 11 in Transmutations
 22481 | Swamp:2  | Got a dazzling scale mail
 22498 | Swamp:2  | Identified the +1 scale mail of Hepliaklqana's Wrath {Dex+4} (You found it on level 2 of the Swamp)
 22536 | Swamp:2  | Reached skill level 10 in Maces & Flails
 22536 | Swamp:2  | Reached skill level 10 in Conjurations
 22569 | Swamp:2  | Noticed a thorn hunter
 22594 | Swamp:2  | Killed a thorn hunter
 22594 | Swamp:2  | Reached skill level 9 in Polearms
 22594 | Swamp:2  | Reached skill level 9 in Throwing
 22723 | Swamp:2  | Learned a level 6 spell: Freezing Cloud
 22789 | Swamp:2  | Reached skill level 10 in Staves
 22789 | Swamp:2  | Reached skill level 10 in Summonings
 23212 | Swamp:3  | Reached skill level 10 in Short Blades
 23212 | Swamp:3  | Reached skill level 10 in Translocations
 23212 | Swamp:3  | Reached skill level 10 in Poison Magic
 23330 | Swamp:3  | Reached skill level 11 in Dodging
 23336 | Swamp:3  | Reached skill level 11 in Invocations
 23365 | Swamp:3  | Reached XP level 16. HP: 124/124 MP: 16/27
 23370 | Swamp:3  | Reached skill level 11 in Fighting
 23370 | Swamp:3  | Reached skill level 10 in Armour
 23370 | Swamp:3  | Reached skill level 10 in Air Magic
 23373 | Swamp:3  | Reached skill level 11 in Spellcasting
 23495 | Swamp:3  | Noticed Nikola
 23506 | Swamp:3  | Killed Nikola
 23506 | Swamp:3  | Reached skill level 9 in Bows
 23506 | Swamp:3  | Reached skill level 10 in Fire Magic
 23569 | Swamp:3  | Learned a level 5 spell: Silence
 23816 | Swamp:4  | Entered Level 4 of the Swamp
 23895 | Swamp:4  | Noticed a thorn hunter
 23912 | Swamp:4  | Killed a thorn hunter
 23912 | Swamp:4  | Reached skill level 10 in Stealth
 23994 | Swamp:4  | Upgraded the game from 0.21-a0-331-gfb491b4 to 0.21-a0-346-g330ab2c
 24066 | Swamp:4  | Noticed a tentacled monstrosity
 24083 | Swamp:4  | Killed a tentacled monstrosity
 24294 | Swamp:4  | Reached skill level 10 in Slings
 24296 | Swamp:4  | Reached skill level 11 in Charms
 24311 | Swamp:4  | Reached skill level 10 in Long Blades
 24334 | Swamp:4  | Reached skill level 11 in Hexes
 24334 | Swamp:4  | Reached skill level 11 in Evocations
 24342 | Swamp:4  | Noticed the 27-headed Lernaean hydra
 24349 | Swamp:4  | Killed the 27-headed Lernaean hydra
 24349 | Swamp:4  | Reached skill level 10 in Necromancy
 24349 | Swamp:4  | Reached skill level 10 in Ice Magic
 24349 | Swamp:4  | HP: 34/163 [six-headed hydra (8)]
 24359 | Swamp:4  | HP: 24/163 [swamp dragon (1)]
 24683 | Swamp:4  | Reached skill level 11 in Axes
 24683 | Swamp:4  | Reached skill level 11 in Crossbows
 24839 | Swamp:4  | Got a decaying rune of Zot
 24840 | Swamp:4  | Reduced skill Conjurations to level 9
 24840 | Swamp:4  | Reduced skill Hexes to level 9
 24840 | Swamp:4  | Reduced skill Charms to level 9
 24840 | Swamp:4  | Reduced skill Summonings to level 9
 24840 | Swamp:4  | Reduced skill Necromancy to level 8
 24840 | Swamp:4  | Reduced skill Translocations to level 9
 24840 | Swamp:4  | Reduced skill Transmutations to level 10
 24840 | Swamp:4  | Reduced skill Fire Magic to level 8
 24840 | Swamp:4  | Reduced skill Ice Magic to level 8
 24840 | Swamp:4  | Reduced skill Air Magic to level 9
 24840 | Swamp:4  | Reduced skill Earth Magic to level 9
 24840 | Swamp:4  | Reduced skill Poison Magic to level 9
 24840 | Swamp:4  | Reached skill level 12 in Invocations
 24840 | Swamp:4  | Upgraded the game from 0.21-a0-346-g330ab2c to 0.21-a0-401-g0b6bec4
 25008 | Spider:1 | Entered Level 1 of the Spider Nest
 25019 | Spider:1 | Got a serpentine lead ring
 25020 | Spider:1 | Identified the ring "Oshrosch" {*Tele +Blink rF- rC+ Int+4} (You found it on level 1 of the Spider Nest)
 25047 | Spider:1 | Reached skill level 10 in Polearms
 25047 | Spider:1 | Reached skill level 10 in Throwing
 25051 | Spider:1 | Reached skill level 11 in Shields
 25089 | Spider:1 | Reached skill level 9 in Fire Magic
 25245 | Spider:1 | Reached XP level 17. HP: 96/132 MP: 27/29
 25249 | Spider:1 | Reached skill level 11 in Maces & Flails
 25657 | Spider:2 | Reached skill level 13 in Unarmed Combat
 25672 | Spider:3 | Reached skill level 11 in Staves
 25759 | Spider:3 | Reached skill level 11 in Short Blades
 25887 | Spider:4 | Entered Level 4 of the Spider Nest
 25896 | Spider:4 | Reached skill level 10 in Bows
 26088 | Spider:4 | Reached skill level 11 in Armour
 26335 | Spider:4 | Reached skill level 9 in Necromancy
 26335 | Spider:4 | Reached skill level 9 in Ice Magic
 26504 | Spider:4 | Reached skill level 12 in Dodging
 26504 | Spider:4 | Reached skill level 10 in Charms
 26512 | Spider:4 | Reached skill level 12 in Fighting
 26512 | Spider:4 | Reached skill level 10 in Hexes
 26513 | Spider:4 | Reached skill level 11 in Stealth
 26513 | Spider:4 | Reached skill level 12 in Spellcasting
 26513 | Spider:4 | Reached skill level 13 in Invocations
 26733 | Spider:4 | Got a gossamer rune of Zot
 27131 | Orc:1    | Entered Level 1 of the Orcish Mines
 27274 | Orc:1    | Paralysed by an orc sorcerer for 2 turns
 27366 | Orc:1    | Noticed Josephine
 27373 | Orc:1    | Killed Josephine
 27373 | Orc:1    | Reached skill level 11 in Slings
 27483 | Orc:1    | Reached skill level 11 in Long Blades
 27484 | Orc:1    | Found a roughly hewn altar of Beogh.
 28066 | Orc:2    | Entered Level 2 of the Orcish Mines
 28214 | Orc:2    | Found a staircase to the Elven Halls.
 28346 | Orc:2    | Found Guijinit's Weapon Boutique.
 28347 | Orc:2    | Found Massam's Antique Weapon Boutique.
 28361 | Orc:2    | Reached skill level 10 in Earth Magic
 28365 | Orc:2    | Reached XP level 18. HP: 140/140 MP: 20/30
 28372 | Orc:2    | Reached skill level 10 in Conjurations
 28372 | Orc:2    | Reached skill level 12 in Evocations
 28380 | Orc:2    | Reached skill level 10 in Summonings
 28401 | Orc:2    | Reached skill level 11 in Polearms
 28401 | Orc:2    | Reached skill level 11 in Throwing
 28417 | Orc:2    | Found Cawext's Jewellery Emporium.
 28422 | Orc:2    | Found Unakhle's Jewellery Shop.
 28819 | Vaults:1 | Entered Level 1 of the Vaults
 28856 | Vaults:1 | Reached skill level 10 in Translocations
 28856 | Vaults:1 | Reached skill level 10 in Poison Magic
 28859 | Vaults:1 | Reached skill level 12 in Axes
 28859 | Vaults:1 | Reached skill level 12 in Crossbows
 29267 | Orc:2    | Bought an uncursed ring of protection from magic for 325 gold pieces
 29429 | Vaults:1 | Reached skill level 12 in Shields
 29429 | Vaults:1 | Reached skill level 10 in Air Magic
 29643 | Vaults:1 | Reached skill level 10 in Fire Magic
 29648 | Vaults:1 | Reached skill level 11 in Transmutations
 29652 | Vaults:1 | Reached skill level 12 in Maces & Flails
 29658 | Vaults:1 | Reached skill level 11 in Bows
 29677 | Vaults:1 | Reached skill level 12 in Staves
 29936 | Vaults:1 | Got a dazzling shortbow
 29949 | Vaults:1 | Got an uncursed twisted scimitar {protect}
 30034 | Vaults:1 | Reached skill level 12 in Short Blades
 30076 | Vaults:1 | Got a pair of spiked gloves
 30105 | Vaults:1 | Identified the cursed +0 pair of gloves "Toeguhik" {rF+ Str+3} (You found it on level 1 of the Vaults)
 30264 | Vaults:1 | Reached skill level 12 in Armour
 30530 | Vaults:1 | Learned a level 2 spell: Blink
 30648 | Vaults:1 | Reached skill level 10 in Necromancy
 30648 | Vaults:1 | Reached skill level 10 in Ice Magic
 30815 | Vaults:1 | Reached skill level 14 in Unarmed Combat
 30822 | Vaults:1 | Reached XP level 19. HP: 148/148 MP: 27/32
 31371 | Vaults:2 | Reached skill level 12 in Stealth
 31392 | Vaults:2 | Noticed Jory
 31405 | Vaults:2 | Killed Jory
 31450 | Vaults:2 | Reached skill level 13 in Dodging
 31450 | Vaults:2 | Reached skill level 14 in Invocations
 31580 | Vaults:2 | Reached skill level 12 in Slings
 31582 | Vaults:2 | Reached skill level 13 in Fighting
 31585 | Vaults:2 | Reached skill level 13 in Spellcasting
 31595 | Vaults:2 | Reached skill level 11 in Charms
 31596 | Vaults:2 | Reached skill level 12 in Long Blades
 31621 | Vaults:2 | Noticed a tentacled monstrosity
 31626 | Vaults:2 | Killed a tentacled monstrosity
 31626 | Vaults:2 | Reached skill level 11 in Hexes
 31725 | Vaults:2 | Reached skill level 13 in Shields
 31768 | Vaults:2 | Noticed Mennas
 31788 | Vaults:2 | Killed Mennas
 31986 | Vaults:2 | Noticed Boris
 31997 | Vaults:2 | Killed Boris
 32060 | Vaults:2 | Reached skill level 12 in Polearms
 32060 | Vaults:2 | Reached skill level 12 in Throwing
 32118 | Vaults:2 | Reached skill level 13 in Evocations
 32315 | Vaults:2 | Reached skill level 11 in Earth Magic
 32932 | Vaults:2 | Reached skill level 11 in Conjurations
 32953 | Vaults:2 | Reached skill level 13 in Axes
 32953 | Vaults:2 | Reached skill level 13 in Crossbows
 33117 | Vaults:3 | Reached skill level 11 in Summonings
 33294 | Vaults:3 | Reached skill level 12 in Bows
 33294 | Vaults:3 | Reached skill level 11 in Translocations
 33294 | Vaults:3 | Reached skill level 11 in Poison Magic
 33308 | Vaults:3 | Reached XP level 20. HP: 157/157 MP: 33/33
 33436 | Vaults:3 | Reached skill level 11 in Air Magic
 33494 | Vaults:3 | Found a staircase to the Crypt.
 33494 | Vaults:3 | Found an ancient bone altar of Kikubaaqudgha.
 33495 | Vaults:3 | Found a basalt altar of Yredelemnul.
 33537 | Vaults:3 | Reached skill level 13 in Maces & Flails
 33707 | Vaults:3 | Reached skill level 11 in Fire Magic
 33739 | Vaults:3 | Got a scorched hunting sling
 33798 | Vaults:3 | Reached skill level 13 in Staves
 34166 | Vaults:3 | Reached skill level 13 in Short Blades
 34166 | Vaults:3 | Reached skill level 14 in Shields
 34243 | Vaults:3 | Upgraded the game from 0.21-a0-401-g0b6bec4 to 0.21-a0-404-g291f19a
 34408 | Vaults:4 | Found a magical portal.
 34439 | WizLab   | Entered Zonguldrok's Shrine
 34613 | WizLab   | Reached skill level 13 in Armour
 34633 | WizLab   | Reached skill level 12 in Transmutations
 34662 | WizLab   | Noticed an antique lich
 34671 | WizLab   | Killed an antique lich
 34676 | WizLab   | Found the +9 sword of Zonguldrok {reap}
 34716 | WizLab   | Identified the +5 hunting sling of the Hidden Vale {flame, rElec rPois Dex-4 SInv} (You found it on level 3 of the Vaults)
 34843 | WizLab   | Learned a level 4 spell: Passage of Golubria
 34926 | Vaults:4 | Reached skill level 11 in Necromancy
 34926 | Vaults:4 | Reached skill level 11 in Ice Magic
 35020 | Vaults:4 | Reached skill level 13 in Stealth
 35109 | Vaults:4 | Found Geirenex's Antique Weapon Emporium.
 35312 | Vaults:4 | Reached skill level 12 in Charms
 35734 | Vaults:5 | Entered Level 5 of the Vaults
 35739 | Vaults:5 | Reached skill level 13 in Slings
 35739 | Vaults:5 | Reached skill level 15 in Invocations
 35739 | Vaults:5 | Reached skill level 13 in Long Blades
 35739 | Vaults:5 | Reached skill level 14 in Dodging
 35739 | Vaults:5 | Reached skill level 15 in Unarmed Combat
 35739 | Vaults:5 | Reached skill level 14 in Fighting
 35739 | Vaults:5 | Reached XP level 21. HP: 165/165 MP: 20/35
 35739 | Vaults:5 | Reached skill level 14 in Spellcasting
 35773 | Vaults:5 | Reached skill level 13 in Polearms
 35773 | Vaults:5 | Reached skill level 13 in Throwing
 35784 | Vaults:5 | Reached skill level 15 in Shields
 35951 | Vaults:5 | Got a polished ring mail
 35978 | Vaults:5 | Reached skill level 12 in Hexes
 36004 | Vaults:5 | Noticed an ancient lich
 36008 | Vaults:5 | Killed an ancient lich
 36008 | Vaults:5 | Reached skill level 14 in Evocations
 36022 | Vaults:5 | Reached skill level 13 in Bows
 36032 | Vaults:5 | Reached skill level 14 in Axes
 36032 | Vaults:5 | Reached skill level 14 in Crossbows
 36072 | Vaults:5 | Reached skill level 12 in Earth Magic
 36092 | Vaults:5 | Got a crystal trident {pierce}
 36249 | Vaults:5 | Identified the +1 ring mail of Precision Catastrophes {Int+7} (You found it on level 5 of the Vaults)
 36261 | Vaults:5 | Got ancient acid dragon scales
 36272 | Vaults:5 | Identified the cursed +1 acid dragon scales of the Sea {-Cast rElec rC++ rCorr Str+2} (You found it on level 5 of the Vaults)
 36296 | Vaults:5 | Got a crude halberd
 36327 | Vaults:5 | Got an ebony short sword
 36333 | Vaults:5 | Found the amulet of the Four Winds {rN+ MR+++ Clar}
 36349 | Vaults:5 | Noticed Boris
 36360 | Vaults:5 | Killed Boris
 36360 | Vaults:5 | Reached skill level 12 in Conjurations
 36397 | Vaults:5 | Identified the Almanac of Displacement
 36436 | Vaults:5 | Reached skill level 12 in Summonings
 36441 | Vaults:5 | Reached skill level 14 in Maces & Flails
 36443 | Vaults:5 | Reached skill level 13 in Charms
 36452 | Vaults:5 | Reached skill level 12 in Translocations
 36452 | Vaults:5 | Reached skill level 12 in Poison Magic
 36560 | Vaults:5 | Reached skill level 14 in Staves
 36673 | Vaults:5 | Reached skill level 14 in Short Blades
 36675 | Vaults:5 | Reached XP level 22. HP: 173/173 MP: 28/36
 36685 | Vaults:5 | Reached skill level 12 in Air Magic
 36760 | Vaults:5 | Reached skill level 12 in Fire Magic
 36768 | Vaults:5 | Reached skill level 14 in Armour
 36777 | Vaults:5 | Noticed an ancient lich
 36782 | Vaults:5 | Killed an ancient lich
 36782 | Vaults:5 | Reached skill level 16 in Shields
 36789 | Vaults:5 | Noticed a golden dragon
 36797 | Vaults:5 | Killed a golden dragon
 36803 | Vaults:5 | Got a heavy robe
 36825 | Vaults:5 | Reached skill level 14 in Stealth
 36886 | Vaults:5 | Got a silver rune of Zot
 36913 | Vaults:5 | Noticed a golden dragon
 36919 | Vaults:5 | Killed a golden dragon
 37010 | Vaults:5 | Reached skill level 14 in Slings
 37081 | Vaults:5 | Reached skill level 12 in Necromancy
 37081 | Vaults:5 | Reached skill level 12 in Ice Magic
 37081 | Vaults:5 | Reached skill level 16 in Invocations
 37347 | Vaults:5 | Identified Jemuukhu's Incunabulum of Moulding and Unholy Rituals
 37481 | Vaults:5 | Identified the Reference Book on the Fetching Mountains
 37500 | Vaults:5 | Identified the +2 robe of the Catfish {+Blink Stlth+} (You took it off a deep elf mage on level 5 of the Vaults)
 37988 | Elf:1    | Entered Level 1 of the Elven Halls
 38068 | Elf:1    | Reached skill level 14 in Long Blades
 38364 | Elf:2    | Reached skill level 13 in Transmutations
 38457 | Elf:2    | Reached skill level 15 in Dodging
 38584 | Elf:2    | Reached skill level 14 in Polearms
 38584 | Elf:2    | Reached skill level 14 in Throwing
 38661 | Elf:2    | Reached skill level 15 in Fighting
 38664 | Elf:2    | Reached skill level 15 in Spellcasting
 38711 | Elf:2    | Learned a level 1 spell: Summon Butterflies
 38722 | Elf:2    | Found Haruxkida's Gadget Boutique.
 38726 | Elf:2    | Got a bound golden ring
 38747 | Elf:2    | Found Viaca's Antique Weapon Boutique.
 38833 | Elf:2    | Identified the ring "Yrisesab" {Fire *Corrode Str+7} (You found it on level 2 of the Elven Halls)
 38838 | Elf:2    | Found a runed gate.
 38838 | Elf:2    | Found a runed gate.
 38840 | Elf:2    | Found a runed gate.
 39170 | Elf:2    | Reached skill level 16 in Unarmed Combat
 39196 | Elf:2    | Reached XP level 23. HP: 181/181 MP: 37/37
 39203 | Elf:2    | Reached skill level 14 in Charms
 39503 | Elf:3    | Entered Level 3 of the Elven Halls
 39647 | Elf:3    | Found a deep blue altar of Sif Muna.
 39673 | Elf:3    | Reached skill level 14 in Bows
 39947 | Elf:3    | Reached skill level 15 in Evocations
 39963 | Elf:3    | Reached skill level 17 in Shields
 39992 | Elf:3    | Reached skill level 15 in Axes
 39992 | Elf:3    | Reached skill level 15 in Crossbows
 40043 | Elf:3    | Reached skill level 13 in Hexes
 40161 | Elf:3    | Got a shimmering ring mail
 40602 | Elf:3    | Identified the Handbook of Shape Shifting and the Mountains
 40633 | Elf:3    | Identified the cursed +0 ring mail of Lexaorucs {rN++ MR- Dex+4 Stlth+} (You took it off a deep elf high priest on level 3 of the Elven Halls)
 40688 | Elf:3    | Found the +2 cloak of the Thief {+Fog Slay-2 SInv Stlth+}
 40726 | Elf:3    | Learned a level 7 spell: Dragon Form
 40835 | Elf:3    | Identified the Handbook of Torrid Poisoning
 41160 | Lair:2   | Learned a level 7 spell: Ring of Flames
 41299 | Depths:1 | Entered Level 1 of the Depths
 41363 | Depths:1 | Reached skill level 13 in Earth Magic
 41388 | Depths:1 | Reached skill level 15 in Maces & Flails
 41521 | Depths:1 | Found a gateway to Hell.
 41648 | Depths:1 | Reached skill level 15 in Staves
 41767 | Depths:1 | Reached skill level 15 in Short Blades
 41791 | Depths:1 | Reached skill level 13 in Conjurations
 42067 | Depths:1 | Reached skill level 13 in Summonings
 42080 | Depths:1 | Reached skill level 15 in Armour
 42088 | Depths:1 | Reached skill level 13 in Translocations
 42088 | Depths:1 | Reached skill level 13 in Poison Magic
 42606 | Depths:2 | Reached XP level 24. HP: 161/189 MP: 34/38
 42612 | Depths:2 | Reached skill level 13 in Air Magic
 42999 | Depths:2 | Reached skill level 15 in Stealth
 43029 | Depths:2 | Reached skill level 13 in Fire Magic
 43088 | Depths:2 | Noticed a caustic shrike
 43094 | Depths:2 | Killed a caustic shrike
 43201 | Depths:2 | Reached skill level 15 in Slings
 43217 | Depths:2 | Reached skill level 15 in Charms
 43251 | Depths:2 | Reached skill level 17 in Invocations
 43398 | Depths:3 | Reached skill level 15 in Long Blades
 43523 | Depths:3 | Reached skill level 18 in Shields
 43557 | Depths:3 | Reached skill level 13 in Necromancy
 43557 | Depths:3 | Reached skill level 13 in Ice Magic
 43699 | Depths:3 | Reached skill level 15 in Polearms
 43699 | Depths:3 | Reached skill level 15 in Throwing
 43785 | Depths:3 | Found a one-way gate leading to the halls of Pandemonium.
 44283 | Depths:3 | Found a glowing golden altar of the Shining One.
 44711 | Depths:4 | Found a one-way gate to the infinite horrors of the Abyss.
 44717 | Depths:4 | Noticed Louise
 44719 | Depths:4 | Killed Louise
 44719 | Depths:4 | Reached skill level 16 in Dodging
 44885 | Depths:4 | Reached skill level 14 in Earth Magic
 44906 | Depths:4 | Reached skill level 16 in Fighting
 44906 | Depths:4 | Reached skill level 16 in Spellcasting
 44909 | Depths:4 | Noticed a juggernaut
 44915 | Depths:4 | Killed a juggernaut
 45006 | Depths:4 | Got a steaming mace {crush}
 45012 | Depths:4 | Identified the +9 mace "Lifebane" {crush, +Blink rPois rN++ Dex-2} (You took it off a spriggan air mage on level 4 of the Depths)
 45359 | Depths:4 | Reached skill level 14 in Transmutations
 45367 | Depths:4 | Reached skill level 15 in Bows
 45395 | Depths:4 | Noticed Mara
 45400 | Depths:4 | Noticed mhoghedin's illusion
 45416 | Depths:4 | Killed Mara
 45504 | Depths:4 | Reached skill level 17 in Unarmed Combat
 45576 | Depths:4 | Upgraded the game from 0.21-a0-404-g291f19a to 0.21-a0-405-gf2af9a1
 45639 | Depths:4 | Reached XP level 25. HP: 197/197 MP: 34/38
 45699 | Depths:4 | Reached skill level 16 in Evocations
 45720 | Depths:4 | Learned a level 3 spell: Regeneration
 45767 | Depths:4 | Identified the Volume of Battle Magic
 45788 | Depths:4 | Got a heavily runed gossamer ring
 45829 | Depths:4 | Identified the ring "Paydeunt" {rC+ MP+9 Int-3 Dex+5} (You found it on level 4 of the Depths)
 46257 | Depths:5 | Entered Level 5 of the Depths
 46257 | Depths:5 | Noticed the Enchantress
 46273 | Depths:5 | Reached skill level 16 in Axes
 46273 | Depths:5 | Reached skill level 16 in Crossbows
 46285 | Depths:5 | Killed the Enchantress
 46718 | Depths:5 | Got faerie dragon scales
 46779 | Depths:5 | Identified the +3 faerie dragon scales {rF++ rN+ rCorr Dex-3} (You took it off the Enchantress on level 5 of the Depths)
 46829 | Depths:5 | Reached skill level 16 in Maces & Flails
 46861 | Depths:5 | Reached skill level 16 in Staves
 46861 | Depths:5 | Reached skill level 14 in Hexes
 46861 | Depths:5 | Reached skill level 16 in Charms
 46869 | Depths:5 | Reached skill level 19 in Shields
 46870 | Depths:5 | Found a gate to the Realm of Zot.
 46872 | Depths:5 | Reached skill level 16 in Short Blades
 47005 | Zot:1    | Entered Level 1 of the Realm of Zot
 47090 | Zot:1    | Reached skill level 16 in Armour
 47264 | Zot:1    | Reached skill level 15 in Earth Magic
 47273 | Zot:1    | Reached skill level 16 in Stealth
 47273 | Zot:1    | Reached skill level 14 in Conjurations
 47351 | Zot:1    | Reached skill level 14 in Summonings
 47534 | Zot:2    | HP: 55/258 [golden dragon/bolt of cold (100)]
 47536 | Zot:2    | Killed from afar by a golden dragon

Vault maps used:
D:1:      nicolae_arrival_memento_mori, grunt_decor_arrowhead
D:2:      minmay_door_path, first_bread, minivault_25, st_stairs_13,
          due_unseen_surprise, uniq_jessica
D:3:      chequers_ecumenical_altar_lobes, uniq_robin
D:4:      grunt_dithmenos_shadows, uniq_duvessa, uniq_ijyb
D:5:      lemuel_round_altar, grunt_temple_overflow_open,
          minmay_temple_entry_grid
D:6:      lemuel_coloured_pillars_altar, kennysheep_slug_shrine
D:7:      uniq_pikel
D:8:      cheibrodos_barr_body, fedhas_bush_and_centaur_altar
D:9:      minmay_the_grid_4x2
D:11:     lair_entry_dummy, serial_shops, kennysheep_mini,
          nicolae_trove_entry_columns, hangedman_misty_isle
D:12:     minmay_orc_entry_temple_small, hangedman_pestilent_swarm, st_stairs_1,
          hangedman_incinerator
D:13:     david_vaults_5
D:14:     hex_medium, uniq_agnes, uniq_roxanne
D:15:     grunt_enter_depths_hoard, minmay_misc_feat_diagonals, st_stairs_11,
          nicolae_for_you_no_charge
Temple:   nicolae_temple_figure_eight
Lair:1:   lab_entry_generic, grunt_megastairs_5
Lair:2:   minmay_swamp_entry_swarm, portal_ice_cave_entry_imps,
          serial_bayou_pond_b, lemuel_fruit_tree
Lair:3:   spider_nest_entry_a, infiniplex_staircase_pool
Lair:4:   minmay_stone_trees_small, serial_bayou_crossing
Lair:5:   beast_lair_carwin_large_4, slime_altar_1, worms_lemuel
Lair:6:   grunt_lair_end_beastmaster, serial_bayou, serial_bayou_lake_a,
          serial_bayou_lagoon_b, serial_bayou_pond_e, serial_bayou_pond_a,
          serial_bayou_pond_c, st_stairs_13
Swamp:1:  nicolae_swamp_dense_foliage, infiniplex_staircase_pool_2
Swamp:2:  evilmike_swamp_ruin_house_1, swamp_pool4, uniq_jorgrun
Swamp:3:  evilmike_swamp_ruin_house_6, uniq_nikola
Swamp:4:  swamp_old_school, swamp_pool2
Spider:2: nicolae_spider_webs_and_nodes, nicolae_looking_at_the_future,
          nicolae_spider_cling_ruins
Spider:3: uniq_azrael
Spider:4: grunt_spider_rune_circles, spider_trap
Orc:1:    minmay_goldmine, special_room, uniq_josephine
Orc:2:    st_orc_open
Elf:1:    special_room, kennysheep_underground_church
Elf:2:    nicolae_elf_big_sculpture_2, minmay_shop_star
Elf:3:    minmay_elf_hall_not_hex, basic_altar
Vaults:1: nicolae_vaults_little_squares_3, nicolae_vaults_diagonal_hallway_8,
          v_misc_17, vaults_room_pool, v_misc_4, nicolae_vaults_shelves_hall,
          vaults_mumra_lcd, nicolae_vaults_what_the_h, st_greater_box_4,
          v_pattern_3, nicolae_vaults_little_ls, hangedman_vaults_snaps,
          nicolae_vaults_border_crossing
Vaults:2: v_misc_28, vaults_standard_mumra_lines, nicolae_vaults_network_s,
          grunt_vaults_bifocal, v_misc_32, st_squares, vaults_room_door_ring,
          v_misc_33, dpeg_vaults_monster_row, ontoclasm_vaults_loading_screen,
          vaults_dpeg_diagonal, nicolae_vaults_little_squares_2, uniq_boris,
          uniq_jory, uniq_mennas
Vaults:3: nicolae_vaults_network_quincunx, hangedman_vaults_hard_town_square,
          v_misc_30, vaults_mumra_minichess, nicolae_vaults_little_squares_2,
          grunt_vaults_focal, hangedman_vaults_slice,
          minmay_crypt_entry_necro_gods, vaults_room_grid,
          vaults_room_stairs_pillars, ontoclasm_vaults_ligature,
          vaults_dpeg_hooks, ontoclasm_vaults_tryst
Vaults:4: ontoclasm_vaults_misaligned, nicolae_vaults_little_squares_3,
          vaults_mumra_hex, ontoclasm_vaults_misaligned, ontoclasm_vaults_fault,
          serial_shops, shop, infiniplex_enter_wizlab_glasses
Vaults:5: uniq_boris
Depths:1: grunt_hell_horde, grunt_decor_fettered, kennysheep_dice,
          serial_bayou_shore_a, grunt_megastairs_3
Depths:2: kennysheep_windowed_halls, grunt_hell_entry_dis_grunt,
          nicolae_water_bricks, kennysheep_decorative_pillar,
          minmay_staircase_statues
Depths:3: abrahamwl_protected_by_tso_3, pan_entry, minmay_misc_feat_doors,
          pf_coc_iceberg, infiniplex_staircase_pool_lava
Depths:4: hangedman_six_sided_sadism, nicolae_abyss_entry_one_way_or_another,
          hell_entry, minmay_misc_feat_four_crosses, horrible_house_mu,
          uniq_mara
Depths:5: grunt_zot_entry_tricorne, enter_ziggurat_f, pan_entry,
          chequers_big_river, pf_hell_entry_tar_river, serial_bayou_shore_b,
          uniq_enchantress
Zot:2:    grunt_megastairs_4
IceCv:    ice_cave_small_dragons
WizLab:   wizlab_zonguldrok

Skill      XL: |  1  2  3  4  5  6  7  8  9 10 11 12 13 14 15 16 17 18 19 20 21 22 23 24 25 |
---------------+----------------------------------------------------------------------------+-----
Translocations | 1 2 3 4 5 6 7 8 9 10 9 10 11 12 13 | 13.9
Summonings     | 1 2 3 4 5 6 8 9 10 9 10 11 12 13 14 | 14.0
Staves         | 1 2 3 4 6 7 8 9 10 11 12 13 14 15 16 | 16.2
Maces & Flails | 1 2 3 4 5 7 8 9 10 11 12 13 14 15 16 | 16.2
Earth Magic    | 1 2 3 4 6 7 8 9 10 9 10 11 12 13 14 15 | 15.1
Charms         | 1 2 3 4 5 6 8 9 10 9 10 11 12 13 14 15 16 | 16.3
Armour         | 1 2 3 4 5 6 7 8 9 10 11 12 13 14 15 16 | 16.1
Invocations    | 1 2 3 4 5 7 8 9 10 11 12 13 14 15 16 17 | 17.9
Crossbows      | 1 2 3 5 6 7 8 9 10 11 12 13 14 15 16 | 16.4
Conjurations   | 1 2 3 4 6 8 9 10 9 10 11 12 13 14 | 14.0
Poison Magic   | 1 2 3 5 6 8 9 10 9 10 11 12 13 | 13.9
Evocations     | 1 2 3 5 6 7 9 10 11 12 13 14 15 16 | 16.4
Hexes          | 1 2 3 4 5 7 8 9 10 9 10 11 12 13 14 | 14.2
Ice Magic      | 1 2 3 5 6 7 8 9 8 9 10 11 12 13 | 13.7
Bows           | 1 3 4 5 6 7 8 9 10 11 12 13 14 15 | 15.6
Necromancy     | 1 2 3 4 5 6 7 8 9 8 9 10 11 12 13 | 13.7
Shields        | 2 3 4 5 6 7 8 9 10 11 12 13 14 15 16 17 18 19 | 19.3
Polearms       | 1 2 3 4 5 6 7 8 9 10 11 12 13 14 15 | 15.8
Fighting       | 3 4 5 6 7 8 9 10 11 12 13 14 15 16 | 16.6
Short Blades   | 2 3 4 5 7 8 9 10 11 12 13 14 15 16 | 16.2
Fire Magic     | 1 2 3 4 5 6 7 8 9 9 10 11 12 13 | 13.8
Axes           | 1 2 3 4 5 6 7 8 9 10 11 12 13 14 15 16 | 16.4
Stealth        | 1 2 3 4 6 8 9 10 11 12 13 14 15 16 | 16.0
Unarmed Combat | 7 8 9 10 11 12 13 14 15 16 17 | 17.4
Spellcasting   | 5 6 7 8 9 10 11 12 13 14 15 16 | 16.6
Transmutations | 5 6 7 8 9 10 11 10 11 12 13 14 | 14.5
Dodging        | 5 6 7 9 10 11 12 13 14 15 16 | 16.6
Slings         | 1 2 3 4 5 6 7 8 9 10 11 12 13 14 15 | 15.9
Throwing       | 1 2 3 4 5 6 7 8 9 10 11 12 13 14 15 | 15.8
Long Blades    | 1 2 4 5 6 7 8 9 10 11 12 13 14 15 | 15.9
Air Magic      | 1 2 3 4 6 7 8 9 9 10 11 12 13 | 13.9

Action                   |  1- 3 |  4- 6 |  7- 9 | 10-12 | 13-15 | 16-18 | 19-21 | 22-24 | 25-27 || total
-------------------------+-------+-------+-------+-------+-------+-------+-------+-------+-------++-------
Melee: Unarmed           |    71 |   166 |   337 |   417 |   738 |   915 |   918 |  1189 |   368 ||  5119
       Bite              |     4 |    10 |    22 |    47 |   122 |   168 |   200 |   251 |    79 ||   903
       Punch             |     2 |     5 |     4 |    11 |    67 |    96 |     2 |       |       ||   187
       Headbutt          |       |     2 |     7 |       |       |       |       |       |       ||     9
 Cast: Spider Form       |     1 |     4 |    15 |     5 |     2 |       |       |       |       ||    27
       Beastly Appendage |       |     2 |     4 |     1 |       |       |       |       |       ||     7
       Sticks to Snakes  |       |     6 |     5 |    28 |    36 |    40 |       |    10 |     3 ||   128
       Blade Hands       |       |       |     4 |    18 |    35 |       |       |       |       ||    57
       Ice Form          |       |       |       |    20 |     8 |       |       |       |       ||    28
       Deflect Missiles  |       |       |       |       |     2 |     1 |       |     4 |     1 ||     8
       Statue Form       |       |       |       |       |    12 |    38 |    38 |    46 |    12 ||   146
       Freezing Cloud    |       |       |       |       |     2 |     8 |       |     1 |       ||    11
       Silence           |       |       |       |       |       |     4 |    24 |    27 |     5 ||    60
       Ring of Flames    |       |       |       |       |       |       |       |     9 |     3 ||    12
       Dragon Form       |       |       |       |       |       |       |       |     1 |       ||     1
       Regeneration      |       |       |       |       |       |       |       |       |     1 ||     1
Invok: Slouch            |       |       |       |     4 |     7 |     6 |     3 |     2 |       ||    22
       Temporal Distorti |       |       |       |     1 |     1 |     5 |     3 |     2 |     1 ||    13
       Step From Time    |       |       |       |     1 |     1 |     2 |       |       |     1 ||     5
       Bend Time         |       |       |       |     1 |       |       |       |       |       ||     1
 Abil: End Transformatio |       |       |       |       |     2 |       |       |       |       ||     2
       Evoke Invisibilit |       |       |       |       |     1 |       |       |       |       ||     1
       Evoke Fog         |       |       |       |       |       |       |       |     4 |       ||     4
       Breathe Fire      |       |       |       |       |       |       |       |     1 |       ||     1
Evoke: Wand              |       |       |     5 |       |     2 |     2 |       |       |       ||     9
       Sack of spiders   |       |       |       |     6 |       |       |       |     4 |       ||    10
       Crystal ball of e |       |       |       |       |       |     1 |       |       |       ||     1
  Use: Scroll            |       |     8 |     7 |    10 |    11 |     9 |     5 |     8 |     6 ||    64
       Potion            |       |       |     4 |     7 |       |     7 |    11 |     2 |     2 ||    33
 Stab: Sleeping          |     2 |     4 |    10 |    12 |    35 |    21 |    15 |    12 |     2 ||   113
       Distracted        |       |       |       |     2 |    14 |    15 |     4 |    11 |     3 ||    49
       Invisible         |       |       |       |       |     1 |       |     1 |       |       ||     2
       Paralysed         |       |       |       |       |       |     1 |       |       |       ||     1
       Held in net/web   |       |       |       |       |       |       |       |     3 |       ||     3
       Confused          |       |       |       |       |       |       |       |     1 |       ||     1
  Eat: Chunk             |       |     5 |    11 |    14 |    14 |     8 |     3 |     3 |       ||    58
       Royal jelly       |       |     1 |       |     1 |     6 |     9 |     2 |     5 |     1 ||    25
       Bread ration      |       |       |     2 |       |       |       |       |       |       ||     2
       Meat ration       |       |       |       |       |       |     1 |     3 |     1 |     1 ||     6
Armor: Robe              |    12 |    18 |    20 |    45 |    22 |    44 |    16 |       |       ||   177
       Skin              |       |     3 |    10 |    39 |    65 |   429 |   246 |   223 |   135 ||  1150
       Troll leather arm |       |       |       |       |    24 |       |       |       |       ||    24
       Ring mail         |       |       |       |       |       |       |       |    43 |     5 ||    48
       Acid dragon scale |       |       |       |       |       |       |       |       |    16 ||    16
Dodge: Dodged            |    59 |   108 |   256 |   450 |   906 |  2258 |   960 |  1137 |   533 ||  6667
       Deflected         |       |       |       |       |    21 |    30 |    30 |    34 |    24 ||   139
Block: Shield            |       |       |       |       |       |       |   978 |  1363 |   627 ||  2968

Table legend:
 A = Spawn XP
 B = Non-spawn XP
 C = Spawn XP percentage of total XP
 D = Spawn monster count
 E = Non-spawn monster count
 F = Spawn count percentage of total count
 G = Total turns spent on level
                    A         B        C        D         E        F      G
               +---------+---------+-------+---------+---------+-------+---------
         Total |       0 | 1087393 |   0.0 |       0 |    1962 |   0.0 | 47536
               +---------+---------+-------+---------+---------+-------+---------
           D:1 |       0 |      50 |   0.0 |       0 |      26 |   0.0 |   558
           D:2 |       0 |      89 |   0.0 |       0 |      13 |   0.0 |   984
           D:3 |       0 |     310 |   0.0 |       0 |      48 |   0.0 |  1377
           D:4 |       0 |    1018 |   0.0 |       0 |      14 |   0.0 |  1654
           D:5 |       0 |    1383 |   0.0 |       0 |      29 |   0.0 |  1325
           D:6 |       0 |     513 |   0.0 |       0 |      17 |   0.0 |  1046
           D:7 |       0 |    1856 |   0.0 |       0 |      27 |   0.0 |  1631
           D:8 |       0 |    2563 |   0.0 |       0 |      35 |   0.0 |  1246
           D:9 |       0 |    5219 |   0.0 |       0 |      51 |   0.0 |  1083
          D:11 |       0 |    4404 |   0.0 |       0 |      31 |   0.0 |  1128
          D:12 |       0 |    6972 |   0.0 |       0 |      56 |   0.0 |  1255
          D:13 |       0 |    6833 |   0.0 |       0 |      19 |   0.0 |   691
          D:14 |       0 |   13714 |   0.0 |       0 |      37 |   0.0 |   851
          D:15 |       0 |    6972 |   0.0 |       0 |      17 |   0.0 |   723
        Lair:1 |       0 |    3627 |   0.0 |       0 |      11 |   0.0 |   994
        Lair:2 |       0 |    7454 |   0.0 |       0 |      40 |   0.0 |   944
        Lair:3 |       0 |    5471 |   0.0 |       0 |      25 |   0.0 |   775
        Lair:4 |       0 |    4899 |   0.0 |       0 |      21 |   0.0 |   565
        Lair:5 |       0 |   16078 |   0.0 |       0 |      51 |   0.0 |  1267
        Lair:6 |       0 |    9703 |   0.0 |       0 |      29 |   0.0 |  1052
       Swamp:1 |       0 |    2261 |   0.0 |       0 |       9 |   0.0 |   381
       Swamp:2 |       0 |   13007 |   0.0 |       0 |      40 |   0.0 |   967
       Swamp:3 |       0 |   20003 |   0.0 |       0 |      48 |   0.0 |   657
       Swamp:4 |       0 |   32372 |   0.0 |       0 |      47 |   0.0 |  1078
      Spider:1 |       0 |   14280 |   0.0 |       0 |      42 |   0.0 |   468
      Spider:2 |       0 |    4178 |   0.0 |       0 |      16 |   0.0 |   341
      Spider:3 |       0 |    6565 |   0.0 |       0 |      24 |   0.0 |   386
      Spider:4 |       0 |   27981 |   0.0 |       0 |      54 |   0.0 |   834
         Orc:1 |       0 |   10253 |   0.0 |       0 |      63 |   0.0 |   965
         Orc:2 |       0 |   21053 |   0.0 |       0 |      89 |   0.0 |   821
         Elf:1 |       0 |   13144 |   0.0 |       0 |      21 |   0.0 |   434
         Elf:2 |       0 |   54547 |   0.0 |       0 |      78 |   0.0 |  1192
         Elf:3 |       0 |   52808 |   0.0 |       0 |      49 |   0.0 |  1420
      Vaults:1 |       0 |   63955 |   0.0 |       0 |      97 |   0.0 |  2316
      Vaults:2 |       0 |   68331 |   0.0 |       0 |      70 |   0.0 |  1806
      Vaults:3 |       0 |   41618 |   0.0 |       0 |      74 |   0.0 |  1212
      Vaults:4 |       0 |   20861 |   0.0 |       0 |      27 |   0.0 |  1105
      Vaults:5 |       0 |  177119 |   0.0 |       0 |     138 |   0.0 |  2012
      Depths:1 |       0 |   48426 |   0.0 |       0 |      70 |   0.0 |   830
      Depths:2 |       0 |   42519 |   0.0 |       0 |      40 |   0.0 |  1261
      Depths:3 |       0 |   41372 |   0.0 |       0 |      51 |   0.0 |  1260
      Depths:4 |       0 |   78735 |   0.0 |       0 |      86 |   0.0 |  1941
      Depths:5 |       0 |   59268 |   0.0 |       0 |      47 |   0.0 |   414
         Zot:1 |       0 |   44699 |   0.0 |       0 |      27 |   0.0 |   521
         Zot:2 |       0 |    2840 |   0.0 |       0 |       2 |   0.0 |    10
         IceCv |       0 |    3444 |   0.0 |       0 |      18 |   0.0 |  1136
        WizLab |       0 |   22626 |   0.0 |       0 |      38 |   0.0 |   406
               +---------+---------+-------+---------+---------+-------+---------

Vault maps used:
D:1:      nicolae_arrival_memento_mori, grunt_decor_arrowhead
D:2:      minmay_door_path, first_bread, minivault_25, st_stairs_13,
          due_unseen_surprise, uniq_jessica
D:3:      chequers_ecumenical_altar_lobes, uniq_robin
D:4:      grunt_dithmenos_shadows, uniq_duvessa, uniq_ijyb
D:5:      lemuel_round_altar, grunt_temple_overflow_open,
          minmay_temple_entry_grid
D:6:      lemuel_coloured_pillars_altar, kennysheep_slug_shrine
D:7:      uniq_pikel
D:8:      cheibrodos_barr_body, fedhas_bush_and_centaur_altar
D:9:      minmay_the_grid_4x2
D:11:     lair_entry_dummy, serial_shops, kennysheep_mini,
          nicolae_trove_entry_columns, hangedman_misty_isle
D:12:     minmay_orc_entry_temple_small, hangedman_pestilent_swarm, st_stairs_1,
          hangedman_incinerator
D:13:     david_vaults_5
D:14:     hex_medium, uniq_agnes, uniq_roxanne
D:15:     grunt_enter_depths_hoard, minmay_misc_feat_diagonals, st_stairs_11,
          nicolae_for_you_no_charge
Temple:   nicolae_temple_figure_eight
Lair:1:   lab_entry_generic, grunt_megastairs_5
Lair:2:   minmay_swamp_entry_swarm, portal_ice_cave_entry_imps,
          serial_bayou_pond_b, lemuel_fruit_tree
Lair:3:   spider_nest_entry_a, infiniplex_staircase_pool
Lair:4:   minmay_stone_trees_small, serial_bayou_crossing
Lair:5:   beast_lair_carwin_large_4, slime_altar_1, worms_lemuel
Lair:6:   grunt_lair_end_beastmaster, serial_bayou, serial_bayou_lake_a,
          serial_bayou_lagoon_b, serial_bayou_pond_e, serial_bayou_pond_a,
          serial_bayou_pond_c, st_stairs_13
Swamp:1:  nicolae_swamp_dense_foliage, infiniplex_staircase_pool_2
Swamp:2:  evilmike_swamp_ruin_house_1, swamp_pool4, uniq_jorgrun
Swamp:3:  evilmike_swamp_ruin_house_6, uniq_nikola
Swamp:4:  swamp_old_school, swamp_pool2
Spider:2: nicolae_spider_webs_and_nodes, nicolae_looking_at_the_future,
          nicolae_spider_cling_ruins
Spider:3: uniq_azrael
Spider:4: grunt_spider_rune_circles, spider_trap
Orc:1:    minmay_goldmine, special_room, uniq_josephine
Orc:2:    st_orc_open
Elf:1:    special_room, kennysheep_underground_church
Elf:2:    nicolae_elf_big_sculpture_2, minmay_shop_star
Elf:3:    minmay_elf_hall_not_hex, basic_altar
Vaults:1: nicolae_vaults_little_squares_3, nicolae_vaults_diagonal_hallway_8,
          v_misc_17, vaults_room_pool, v_misc_4, nicolae_vaults_shelves_hall,
          vaults_mumra_lcd, nicolae_vaults_what_the_h, st_greater_box_4,
          v_pattern_3, nicolae_vaults_little_ls, hangedman_vaults_snaps,
          nicolae_vaults_border_crossing
Vaults:2: v_misc_28, vaults_standard_mumra_lines, nicolae_vaults_network_s,
          grunt_vaults_bifocal, v_misc_32, st_squares, vaults_room_door_ring,
          v_misc_33, dpeg_vaults_monster_row, ontoclasm_vaults_loading_screen,
          vaults_dpeg_diagonal, nicolae_vaults_little_squares_2, uniq_boris,
          uniq_jory, uniq_mennas
Vaults:3: nicolae_vaults_network_quincunx, hangedman_vaults_hard_town_square,
          v_misc_30, vaults_mumra_minichess, nicolae_vaults_little_squares_2,
          grunt_vaults_focal, hangedman_vaults_slice,
          minmay_crypt_entry_necro_gods, vaults_room_grid,
          vaults_room_stairs_pillars, ontoclasm_vaults_ligature,
          vaults_dpeg_hooks, ontoclasm_vaults_tryst
Vaults:4: ontoclasm_vaults_misaligned, nicolae_vaults_little_squares_3,
          vaults_mumra_hex, ontoclasm_vaults_misaligned, ontoclasm_vaults_fault,
          serial_shops, shop, infiniplex_enter_wizlab_glasses
Vaults:5: uniq_boris
Depths:1: grunt_hell_horde, grunt_decor_fettered, kennysheep_dice,
          serial_bayou_shore_a, grunt_megastairs_3
Depths:2: kennysheep_windowed_halls, grunt_hell_entry_dis_grunt,
          nicolae_water_bricks, kennysheep_decorative_pillar,
          minmay_staircase_statues
Depths:3: abrahamwl_protected_by_tso_3, pan_entry, minmay_misc_feat_doors,
          pf_coc_iceberg, infiniplex_staircase_pool_lava
Depths:4: hangedman_six_sided_sadism, nicolae_abyss_entry_one_way_or_another,
          hell_entry, minmay_misc_feat_four_crosses, horrible_house_mu,
          uniq_mara
Depths:5: grunt_zot_entry_tricorne, enter_ziggurat_f, pan_entry,
          chequers_big_river, pf_hell_entry_tar_river, serial_bayou_shore_b,
          uniq_enchantress
Zot:2:    grunt_megastairs_4
IceCv:    ice_cave_small_dragons
WizLab:   wizlab_zonguldrok

Table legend:
 A = Turns spent in this place as a percentage of turns spent in the entire game.
 B = Non-inter-level travel turns spent in this place as a percentage of non-inter-level travel turns spent in the entire game.
 C = Inter-level travel turns spent in this place as a percentage of turns spent in this place.
 D = Turns resting spent in this place as a percentage of non-inter-level travel turns spent in this place.
 E = Turns spent auto-exploring this place as a percentage of non-inter-level travel turns spent in this place.
 F = Non-inter-level travel turns spent in this place divided by the number of levels of this place that you've seen.
                   A       B       C       D       E      F
               +-------+-------+-------+-------+-------+----------------------
         Total | 100.0 | 100.0 |   5.9 |  20.7 |  51.7 | 932.2
       Dungeon |  32.7 |  32.5 |   6.6 |  23.0 |  56.4 | 1037.4
        Temple |   0.4 |   0.5 |   4.7 |   0.0 |  87.7 | 203.0
          Lair |  11.8 |  11.7 |   6.6 |  22.5 |  55.1 | 871.5
         Swamp |   6.5 |   6.5 |   5.4 |  12.8 |  51.3 | 728.8
   Spider Nest |   4.3 |   4.2 |   7.1 |  19.8 |  43.4 | 471.2
  Orcish Mines |   3.8 |   3.5 |  11.6 |  13.6 |  52.6 | 789.5
   Elven Halls |   6.4 |   6.3 |   7.5 |   5.3 |  58.9 | 939.0
        Vaults |  17.8 |  17.8 |   5.5 |  21.5 |  49.0 | 1597.2
        Depths |  12.0 |  12.5 |   2.2 |  19.5 |  48.4 | 1115.8
           Zot |   1.1 |   1.1 |   8.5 |   9.3 |  54.1 | 243.0
      Ice Cave |   2.4 |   2.5 |   0.0 |  65.1 |  14.7 | 1136.0
        Wizlab |   0.9 |   0.9 |   0.0 |  15.5 |  14.5 | 406.0
               +-------+-------+-------+-------+-------+----------------------

Table legend:
 A = Kills in this place as a percentage of kills in entire the game.
 B = Kills by you in this place as a percentage of kills by you in the entire game.
 C = Kills by friends in this place as a percentage of kills by friends in the entire game.
 D = Other kills in this place as a percentage of other kills in the entire game.
 E = Experience gained in this place as a percentage of experience gained in the entire game.
 F = Experience gained in this place divided by the number of levels of this place that you have seen.
                   A       B       C       D       E      F
               +-------+-------+-------+-------+-------+----------------------
         Total | 100.0 | 100.0 | 100.0 | 100.0 | 100.0 | 22654.0
       Dungeon |  21.4 |  21.5 |  22.0 |  10.0 |   4.8 | 3706.9
          Lair |   9.0 |   9.1 |   8.0 |   0.0 |   4.3 | 7872.0
         Swamp |   7.3 |   7.0 |  20.0 |  10.0 |   6.2 | 16910.8
   Spider Nest |   6.9 |   6.2 |  36.0 |  10.0 |   4.9 | 13251.0
  Orcish Mines |   7.7 |   8.0 |   0.0 |   0.0 |   2.9 | 15653.0
   Elven Halls |   7.5 |   7.7 |   2.0 |  10.0 |  11.1 | 40166.3
        Vaults |  20.7 |  21.1 |   2.0 |  30.0 |  34.2 | 74376.8
        Depths |  15.0 |  15.0 |  10.0 |  30.0 |  24.9 | 54064.0
           Zot |   1.5 |   1.5 |   0.0 |   0.0 |   4.4 | 23769.5
      Ice Cave |   0.9 |   0.9 |   0.0 |   0.0 |   0.3 | 3444.0
        Wizlab |   1.9 |   2.0 |   0.0 |   0.0 |   2.1 | 22626.0
               +-------+-------+-------+-------+-------+----------------------
